Cogmind - Beta 17.1 @@@ ROGUE MODE // 2026.09.24 @ 21:14:57 Player: Boatmurdered Result: Destroyed by P-70 Sage with Tesla Rifle Performance ------------- Evolutions (8) 4000 Regions Visited (23) 4600 Robots Destroyed (424) 2120 Value Destroyed (17421) 17421 Prototype IDs (105) 2100 Alien Tech Used (2) 400 Bonus (37789) 37789 TOTAL SCORE: 68430 Bonus ------- Triggered High Security 500 High Alert Combat Kills 6078 Follower Combat Kills 2815 Prayed to X0-1V1 5000 Major X0-1V1 Interference 21850 Hunted by Unchained 500 Registered with UFD 300 Met Optimus in HQ 500 Met Zhirov 300 Friendly Fire -54 Cogmind --------- Core Integrity 0/1400 Matter 128/1000 Energy 1100/1100 System Corruption 64% Temperature Cool (0) Movement Core (50) Location -2/Protoforge Parts ------- > --- POWER (2) -------- (None) > --- PROPULSION (7) --- (None) > --- UTILITY (10) ----- (None) > --- WEAPON (7) ------- (None) > --- INVENTORY (5) ---- Improved Quantum Reactor Gamma Bomb Array Micro-nuke Launcher Fusion Bomb Launcher Point Singularity Launcher Peak State ------------ > --- POWER ------------ Vortex Chain Reactor > --- PROPULSION ------- High-density Centrium Heavy Treads High-density Centrium Heavy Treads High-density Centrium Heavy Treads > --- UTILITY ---------- Coolant Network Advanced Sensor Array Advanced Signal Interpreter Experimental Weapon Shielding Centrium Heavy Armor Plating Thermal Barrier Experimental EM Shield Experimental Force Field > --- WEAPON ----------- Enhanced Nova Cannon Compact Mass Driver Graviton Cannon Heavy Scimitar of Distortion > --- INVENTORY -------- Graviton Reactor Gamma Bomb Array Micro-nuke Launcher Fusion Bomb Launcher Point Singularity Launcher [Rating: 203] Favorites ----------- Power Heavy Ion Engine Engine Heavy Ion Engine Power Core Micro Fission Core Reactor Light Antimatter Reactor Propulsion Light Treads Treads Light Treads Leg Flexi-carbon Leg Wheel Armored Wheel Hover Unit Combat Airjet Flight Unit Improved Q-thruster Utility X0-1V1's Piety Tracker Device X0-1V1's Piety Tracker Storage Huge Storage Unit Processor Experimental Targeting Computer Hackware System Mapper Protection Medium Reactive Plating Weapon Improved Assault Rifle Energy Gun Plasma Rifle Energy Cannon Advanced Beam Cannon Ballistic Gun Improved Assault Rifle Ballistic Cannon Magnetic Acceleration Cannon Launcher Precision Grenade Launcher Special Weapon Junk Cannon Impact Weapon Heavy Hammer Slashing Weapon Heavy Scimitar of Distortion Piercing Weapon Lance Special Melee Weapon Datajack Build | -11 -10 -10 -9 -9 -9 -9 -6 -6 -6 -5 -5 -5 -5 -5 -4 -4 -4 -4 -3 -3 -2 -2 -2 ------- Run | Yrd Mat Min Mat Sto Rec Scr Fac Ext Cet Fac Was Fac Upp Upp Fac Upp Upp Zhi Pro Res Res Tes Frg Slots Evolved 16 | . . . 2 . . . 6 . . 2 . . . . 2 . . . . 2 2 . . Power 1 | . . . . . . . . . . 1 . . . . . . . . . . . . . Propulsion 5 | . . . . . . . 2 . . 1 . . . . . . . . . 1 1 . . Utility 8 | . . . 2 . . . 3 . . . . . . . 2 . . . . 1 . . . Weapon 2 | . . . . . . . 1 . . . . . . . . . . . . . 1 . . Parts Attached 400 | 7 19 . 29 41 3 9 33 47 1 26 1 9 3 4 11 7 3 4 6 28 42 66 1 Power 39 | 1 2 . 4 2 . . 2 1 . 5 . . . 2 1 2 . 1 1 6 2 7 . Engine 12 | 1 2 . 4 2 . . . . . 1 . . . 1 . 1 . . . . . . . Core 9 | . . . . . . . 2 . . 4 . . . 1 . 1 . . . . . 1 . Reactor 18 | . . . . . . . . 1 . . . . . . 1 . . 1 1 6 2 6 . Propulsion 108 | 2 5 . 10 16 2 1 7 17 . 10 . 2 . . 1 1 . . 2 5 9 18 . Treads 49 | 2 1 . 6 12 2 1 5 10 . 1 . . . . . . . . . . . 9 . Leg 16 | . . . . . . . . 5 . 1 . . . . . . . . 1 4 . 5 . Wheel 12 | . 4 . 3 4 . . 1 . . . . . . . . . . . . . . . . Hover 12 | . . . . . . . . . . 8 . 2 . . 1 . . . 1 . . . . Flight 19 | . . . 1 . . . 1 2 . . . . . . . 1 . . . 1 9 4 . Utility 154 | 2 5 . 8 11 1 6 17 15 1 7 . 3 3 . 5 4 3 3 . 11 22 27 . Device 70 | 1 3 . 1 6 . 1 10 5 1 3 . 1 1 . 2 3 2 1 . 6 8 15 . Storage 10 | 1 2 . . 1 . . . 1 . . . . . . . . . . . 1 1 3 . Processor 28 | . . . 1 . . 2 2 4 . 1 . 1 . . . . 1 . . 3 9 4 . Hackware 7 | . . . . . . . 1 . . 2 . . . . . . . 1 . . 2 1 . Protection 39 | . . . 6 4 1 3 4 5 . 1 . 1 2 . 3 1 . 1 . 1 2 4 . Artifact . | . . . . . . . . . . . . . . . . . . . . . . . . Weapon 99 | 2 7 . 7 12 . 2 7 14 . 4 1 4 . 2 4 . . . 3 6 9 14 1 Energy Gun 18 | . 1 . . 1 . . . 6 . . . 1 . . 1 . . . 2 4 1 1 . Energy Cannon 9 | . . . . 2 . . . 1 . . . . . . . . . . . . 3 3 . Ballistic Gun 34 | 2 5 . 7 5 . 1 1 5 . . . 2 . 1 2 . . . . 1 . 2 . Ballistic Cannon 15 | . . . . . . . 5 . . 4 . . . . . . . . . 1 1 4 . Launcher 6 | . . . . 1 . . 1 . . . . . . . 1 . . . 1 . . 1 1 Special Weapon 4 | . 1 . . 1 . 1 . . . . . 1 . . . . . . . . . . . Impact Weapon 2 | . . . . 1 . . . 1 . . . . . . . . . . . . . . . Slashing Weapon 3 | . . . . . . . . 1 . . . . . 1 . . . . . . . 1 . Piercing Weapon 5 | . . . . . . . . . . . . . . . . . . . . . 3 2 . Special Melee Weapon 3 | . . . . 1 . . . . . . 1 . . . . . . . . . 1 . . Unidentified Prototypes 53 | . 2 . 3 2 . . 3 1 . 5 . . . . 1 . . 4 . 1 6 25 . Corrupted Parts 3 | . . . . . . . 1 2 . . . . . . . . . . . . . . . System Corruption 16 | . . . . . . . 10 6 . . . . . . . . . . . . . . . Parts Lost 129 | . 1 . 1 6 . 1 15 17 2 2 . 5 . 8 2 . 5 . 6 15 9 27 7 Power 12 | . . . . . . . . 1 . 2 . 2 . 1 . . . . 1 1 1 3 . Propulsion 37 | . . . . 1 . . 6 9 1 . . . . 2 1 . . . 3 2 3 6 3 Utility 52 | . 1 . 1 4 . 1 5 3 1 . . 2 . 3 1 . 5 . . 6 3 13 3 Weapon 28 | . . . . 1 . . 4 4 . . . 1 . 2 . . . . 2 6 2 5 1 Highest Loss Streak 15 | . 1 . 1 2 . 1 8 13 2 1 . 2 . 3 1 . 4 . 6 5 4 15 7 To Critical Strikes 4 | . . . . . . . . . . . . . . . . . 1 . . 1 1 1 . Average Backups 17 | 5 13 25 24 24 23 23 22 22 2 4 5 4 5 3 4 5 5 4 4 6 4 4 4 Power 1 | . 1 1 1 1 1 . 1 1 . . . . . . . . . . . 1 . . 1 Propulsion 5 | 2 4 5 8 8 6 6 4 8 . 2 2 1 2 1 1 1 1 1 . 1 . . . Utility 5 | . 4 10 8 7 7 7 9 6 . . 1 . . . . . . . 1 . . . . Weapon 4 | . 3 8 6 5 7 7 5 4 1 1 1 2 2 . 3 4 4 3 3 3 2 4 3 Tool/Special . | . . . . . . . . . . . . . . . . . . . . . . . . Unused Backups 77 | 1 5 2 12 15 3 2 7 13 . 1 . . . . 4 . . . . 3 2 3 4 Power 7 | . 1 . 1 1 . . . 1 . . . . . . . . . . . . . 1 2 Propulsion 23 | . 2 1 4 2 1 . . 8 . . . . . . 2 . . . . 2 1 . . Utility 14 | . 1 . 2 . 2 2 1 3 . . . . . . . . . . . 1 . 1 1 Weapon 32 | 1 1 1 5 12 . . 6 1 . 1 . . . . 1 . . . . . 1 1 1 Tool/Special 1 | . . . . . . . . . . . . . . . 1 . . . . . . . . Average Slot Usage (%) 91 | . 99 100 99 99 99 96 92 95 49 85 100 95 83 80 85 84 85 89 87 71 84 62 57 Engine 6 | . 14 14 10 11 11 11 5 4 . 3 . . . . 1 . . . . . . . . Reactor 1 | . . . . . . . . . . . . . . . 3 5 5 5 9 6 3 4 3 Treads 8 | . 15 . 6 5 . . 15 24 . . . . . . . . . . . . . 8 11 Wheel 8 | . 12 28 15 16 21 21 10 . . . . . . . . . . . . . . . . Hover 4 | . . . . . . . . . . 26 29 28 29 27 25 20 21 21 10 4 . . . Device 15 | . 13 14 18 19 22 15 14 22 7 10 5 1 . 5 9 16 17 17 14 15 9 13 17 Storage 6 | . 14 14 10 11 11 10 6 5 . . . . . . . . . . . 1 . 1 . Processor 8 | . . . 2 3 . 5 17 8 18 17 23 22 17 13 5 5 5 10 10 6 20 3 3 Hackware 2 | . . . . . . . . . . 3 11 11 11 11 10 10 10 12 15 9 1 5 . Protection 6 | . . . 11 10 10 11 6 6 4 1 . 2 5 5 13 8 9 2 5 1 4 3 6 Energy Gun 2 | . 8 . . . . . . 8 1 . . 1 . . 2 5 5 5 9 10 . . . Energy Cannon 1 | . . . . 10 . . . . 6 1 . . . . . . . . . . 4 2 3 Ballistic Gun 7 | . 19 28 23 8 21 9 . 2 . . . 1 11 9 12 7 5 5 . 1 . 1 . Ballistic Cannon 3 | . . . . . . . 8 4 . 12 12 10 5 . . . . . . 1 1 2 6 Special Weapon 1 | . . . . . . 3 4 1 . . . . . . . . . . . . . . . Peak Build Rating 203 | 7 29 29 38 40 37 46 78 80 43 117 105 106 104 105 131 123 119 121 127 149 157 203 203 Average Rating 69 | 6 14 29 33 33 35 40 72 72 38 90 105 100 96 96 117 115 109 115 122 112 125 137 174 On Entrance 74 | . 7 29 29 33 36 36 46 57 40 43 105 105 96 104 99 106 119 96 121 125 17 140 203 Avg Prop Armor Cover (%) 15 | . 13 . 4 7 8 10 10 3 . . . 3 . . . . . . 18 5 . 28 40 Naked Turns 112 | . . . . . . . . 9 . . . . . . . . . . . 8 . . 95 Heaviest Build 148 | 14 92 92 110 106 100 111 148 129 21 41 30 36 36 47 66 56 53 38 40 70 67 114 114 Greatest Support 276 | 40 40 24 40 40 46 34 86 89 17 66 64 68 68 68 66 56 56 56 56 86 83 276 276 Greatest Overweight (x) 8 | . 5 3 8 8 5 5 7 2 1 3 . . . . 1 . . . 1 2 6 2 . Average Overweight (x) 1 | . 2 3 3 3 2 2 3 . . . . . . . . . . . . . . . . Largest Inventory Capacity 25 | 8 25 25 25 25 25 25 25 25 5 5 5 5 5 5 5 5 5 5 5 10 25 5 5 Average Capacity 18 | 7 18 25 25 25 25 24 25 24 5 5 5 5 5 5 5 5 5 5 5 7 5 5 5 Most Carried 25 | 8 25 25 25 25 25 25 25 25 3 5 5 5 5 5 5 5 5 5 5 10 5 5 5 Average Carried 17 | 5 13 24 24 24 24 24 23 23 2 4 5 4 4 3 4 5 5 4 4 6 4 4 4 Final Capacity 25 | 8 25 25 25 25 25 25 25 25 5 5 5 5 5 5 5 5 5 5 5 5 5 5 5 Final Carried 25 | 7 25 25 25 25 25 25 23 22 3 5 5 5 5 3 5 5 5 5 5 4 4 5 5 Transmogrified Parts 2 | . . . . . . . . . . 2 . . . . . . . . . . . . . Integrity Recovered 12 | . . . . . . . . . . 12 . . . . . . . . . . . . . Class Distribution -------------------- 42% | Mutant 11% | Tank 11% | Hacker-Mutant 5% | Commander-Tank 5% | Skirmisher 4% | Hacker-Gunner 3% | Hacker-Tank Dominant Class ---------------- Mutant | -10/Materials Mutant | -10/Mines Mutant | -9/Materials Mutant | -9/Storage Mutant | -9/Recycling Mutant | -9/Scraptown Tank | -6/Factory Commander-Tank | -6/Extension Commander-Tank | -6/Cetus Gunner | -5/Factory Hacker-Mutant | -5/Waste Hacker-Mutant | -5/Factory Hacker-Gunner | -5/Upper Caves Hacker-Mutant | -5/Upper Caves Hacker-Tank | -4/Factory Hacker-Mutant | -4/Upper Caves Hacker-Mutant | -4/Upper Caves Hacker-Mutant | -4/Zhirov Hacker-Mutant | -3/Proximity Caves Scavenger-Executioner | -3/Research Sprinter | -2/Research Hacker-Mutant | -2/Testing Tank | -2/Protoforge Resources | -11 -10 -10 -9 -9 -9 -9 -6 -6 -6 -5 -5 -5 -5 -5 -4 -4 -4 -4 -3 -3 -2 -2 -2 ----------- Run | Yrd Mat Min Mat Sto Rec Scr Fac Ext Cet Fac Was Fac Upp Upp Fac Upp Upp Zhi Pro Res Res Tes Frg Matter Collected 17244 | 472 538 62 2956 2066 211 467 2384 2694 50 314 . 701 94 274 241 279 109 255 244 380 421 1949 83 Remotely . | . . . . . . . . . . . . . . . . . . . . . . . . Salvage Created 17951 | 343 750 . 3036 2460 262 . 2216 3471 . 464 . 849 . 238 269 123 25 358 330 614 271 1729 143 Parts 790 | 36 54 . 156 127 15 . 74 84 . 20 . 56 . 11 16 8 . 2 20 36 4 66 5 Haulers Intercepted 14 | . 2 . 5 6 . . 1 . . . . . . . . . . . . . . . . Recyclers Shooed 13 | 1 . . 1 2 4 . 1 3 . . . . . . 1 . . . . . . . . Parts Field Recycled . | . . . . . . . . . . . . . . . . . . . . . . . . Retrieved Matter . | . . . . . . . . . . . . . . . . . . . . . . . . Parts Self-Destructed 34 | . . . . . . . . . . . . . . 12 . 6 2 2 12 . . . . Prevented 8 | . . . . . . . . . . . . . . . . . 8 . . . . . . Parts Restored . | . . . . . . . . . . . . . . . . . . . . . . . . Kills | -11 -10 -10 -9 -9 -9 -9 -6 -6 -6 -5 -5 -5 -5 -5 -4 -4 -4 -4 -3 -3 -2 -2 -2 ------- Run | Yrd Mat Min Mat Sto Rec Scr Fac Ext Cet Fac Was Fac Upp Upp Fac Upp Upp Zhi Pro Res Res Tes Frg Combat Hostiles Destroyed 319 | . 15 . 49 38 3 . 49 56 . 14 . 22 . 4 7 5 1 . 10 16 . 26 4 Melee 7 | . . . . . . . . 4 . . . . . . . . . . 2 . . 1 . Guns 132 | . 15 . 49 14 3 . . 27 . . . 1 . 1 4 5 . . 2 7 . 4 . Cannons 110 | . . . . 23 . . 32 13 . 9 . 11 . 3 . . . . . 1 . 18 . AOE 44 | . . . . . . . 4 4 . 5 . 9 . . 3 . . . 6 7 . 2 4 Classes Destroyed 25 | 3 6 . 4 1 . . 4 4 . . . . . 1 . . . . 1 . . 1 . Worker 20 | 4 1 . 6 2 . . 3 . . . . 1 . . . . . . . . 1 1 1 Builder 12 | . 1 . . 3 . . 3 3 . . . 1 . . . . . . . . . 1 . Tunneler 11 | 9 . . 1 . . . . . . . . . . . 1 . . . . . . . . Hauler 14 | . 2 . 5 6 . . 1 . . . . . . . . . . . . . . . . Recycler 18 | 1 . . 6 2 1 . . 4 . . . . . . . . . . . . 2 2 . Mechanic 3 | . . . . . . . . 3 . . . . . . . . . . . . . . . Operator 6 | . . . 2 3 . . 1 . . . . . . . . . . . . . . . . Drone 1 | . . . . . . . . . . . . . . . . . . . 1 . . . . Watcher 18 | . 3 . 3 2 . . 4 . . 1 . 1 . . . . . . . . . 2 2 Swarmer 47 | . 3 . 7 1 . . 3 . . 5 . 5 . . 4 4 1 . 4 5 . 5 . Cutter 2 | . . . 1 . . . . . . . . . . . . 1 . . . . . . . Saboteur 3 | . . . . . . . . 2 . . . . . . . . . . . 1 . . . Grunt 133 | . 11 . 24 17 . . 28 26 . 6 . 4 . 3 . . . . . 4 . 8 2 Brawler 11 | . . . 1 2 . . 2 3 . . . . . . . . . . . . . 3 . Duelist 14 | . . . 3 3 . . 2 2 . . . 1 . 1 . . . . . . . 1 1 Protector 5 | . . . . 2 . . . 3 . . . . . . . . . . . . . . . Researcher 1 | . . . . . . . . . . . . . . . . . . . . . . 1 . Sentry 50 | . 1 . 14 14 3 . 3 8 . 3 . 2 . . 1 . . . . . . . 1 Demolisher 3 | . . . . . . . . 3 . . . . . . . . . . . . . . . Specialist 7 | . . . . . . . . 5 . . . . . . . . . . . . . 2 . Hunter 12 | . . . . . . . 4 . . . . 2 . . 2 . . . . 2 . 2 . Programmer 28 | . . . . . . . 5 4 . . . 8 . . . . . . 2 4 . 5 . Heavy 1 | . . . . . . . 1 . . . . . . . . . . . . . . . . Behemoth 1 | . . . . . . . 1 . . . . . . . . . . . . . . . . Samaritan 1 | . . . . . . . . . . . . . . 1 . . . . . . . . . Thug 3 | . . . . . . . . . . . . . . . . . . . 3 . . . . Best Kill Streak 13 | 3 5 . 6 7 2 . 9 13 . 8 . 5 . 3 4 4 1 . 4 5 2 11 7 Combat Bots Only 12 | . 5 . 5 7 2 . 8 12 . 7 . 5 . 3 4 4 1 . 4 5 . 7 4 Max Kills in Single Turn 4 | 1 1 . 2 2 1 . 2 3 . 2 . 3 . 1 2 1 1 . 4 4 1 3 2 Gunslinging . | . . . . . . . . . . . . . . . . . . . . . . . . Exploded 4 | . . . . . . . 2 1 . 2 . 3 . . 2 . . . 4 4 . 2 1 Melee 1 | . . . . . . . . 1 . . . . . . . . . . 1 . . 1 . Uniques/NPCs Destroyed . | . . . . . . . . . . . . . . . . . . . . . . . . Combat | -11 -10 -10 -9 -9 -9 -9 -6 -6 -6 -5 -5 -5 -5 -5 -4 -4 -4 -4 -3 -3 -2 -2 -2 -------- Run | Yrd Mat Min Mat Sto Rec Scr Fac Ext Cet Fac Was Fac Upp Upp Fac Upp Upp Zhi Pro Res Res Tes Frg Hostile Shots Fired 3390 | . 43 . 141 146 16 . 377 640 12 54 2 163 . 121 125 16 81 . 55 313 150 557 378 Missed 1175 | . 11 . 27 35 5 . 126 234 4 21 2 63 . 43 60 9 40 . 14 151 94 151 85 Hits 2215 | . 32 . 114 111 11 . 251 406 8 33 . 100 . 78 65 7 41 . 41 162 56 406 293 Melee 121 | . . . 10 16 . . 11 9 . . . 2 . . . 3 . . . 18 . 15 37 Projectile 2094 | . 32 . 104 95 11 . 240 397 8 33 . 98 . 78 65 4 41 . 41 144 56 391 256 AOE 20 | . . . . . . . . 16 . . . 1 . . 2 1 . . . . . . . Critical Strikes 131 | . . . 1 7 2 . 12 10 1 . . 5 . 4 1 2 1 . 6 4 2 24 49 Actively Blocked 4 | . . . . . . . . . . . . . . . . 1 . . . 1 . 1 1 Part Disruptions 13 | . . . . . . . . 8 . . . 2 . . . . . . . . . 2 1 Damage Taken 37032 | . 384 . 1671 1811 168 . 3475 4186 220 637 24 2081 . 1465 1191 136 565 . 967 3219 1285 7879 5668 Core 6195 | . 90 . 193 209 44 . 282 517 55 128 . 301 . 105 120 . 58 . 210 888 153 943 1899 Absorbed by Shields 6670 | . . . . 14 . . 1272 1523 . . . . . . 304 32 232 . . . 36 1157 2100 Reduced by Siege Mode 894 | . . . . . . . . . . . . . . . . . . . . . . 638 256 Redirected to Shielding 517 | . . . . . . . . . . . . . . . 154 17 53 . 20 118 27 52 76 Ignored by Resistances 1865 | . . . . . . . 84 41 . . . . . . . . . . . . 32 460 1248 Regen/Repaired (Parts) 1214 | . 156 . 37 11 . 334 110 . . 17 . 191 . . 267 . . . . 65 . 26 . Core Remaining (%) 69 | 100 . 64 . . . 96 . . 57 . . . . 85 . . . . 56 28 . . . Volleys Fired 1021 | 42 54 . 129 141 19 . 204 130 4 21 . 53 . 9 28 9 2 . 10 53 10 74 29 Largest 5 | 2 2 . 4 2 2 . 3 3 1 4 . 3 . 3 3 3 2 . 2 5 1 4 3 Hottest 287 | 40 100 . 92 136 46 . 121 178 60 201 . 132 . 119 133 133 100 . 130 287 105 227 232 Shots Fired 1868 | 84 101 . 315 254 37 . 269 235 4 49 . 88 . 26 61 22 4 . 17 122 10 133 37 Gun 1076 | 84 95 . 315 119 37 . . 161 . . . 16 . 17 59 22 4 . 13 98 . 36 . Cannon 654 | . . . . 135 . . 188 60 4 45 . 69 . 9 . . . . . 8 10 97 29 Launcher 52 | . . . . . . . 5 10 . 4 . 3 . . 2 . . . 4 16 . . 8 Special 86 | . 6 . . . . . 76 4 . . . . . . . . . . . . . . . Kinetic 1284 | 84 66 . 315 109 37 . 188 137 . 42 . 83 . 26 54 13 2 . . 11 . 104 13 Thermal 435 | . 35 . . 135 . . . 79 4 3 . 2 . . 5 9 2 . 13 95 10 27 16 Explosive 42 | . . . . . . . 5 . . 4 . 3 . . 2 . . . 4 16 . . 8 Electromagnetic 31 | . . . . 10 . . . 19 . . . . . . . . . . . . . 2 . Impact 76 | . . . . . . . 76 . . . . . . . . . . . . . . . . Robot Hit Streak 45 | 15 13 . 12 23 15 . 24 27 17 43 . 16 . 17 10 3 1 . 6 14 5 45 6 Robot Miss Streak 9 | 4 3 . 3 4 1 . 3 6 . 1 . 1 . 1 2 3 1 . 5 9 . 2 4 Penetration Max 2 | . . . . . . . . 2 . . . 1 . 1 . . . . . . . . . Secondary Targets 10 | . 1 . 2 1 . . . 5 . . . . . . . . . . . . . 1 . Max Gunslinging Chain 1 | . 1 . 1 1 . . . 1 . . . . . . . . . . . . . 1 . Shots Hit Robots 1362 | 47 66 . 191 174 32 6 185 218 4 36 . 65 . 22 32 11 2 14 16 73 6 139 23 Core Hits 778 | 17 37 . 106 77 9 . 64 205 2 29 . 45 . 16 16 6 . 3 17 38 3 60 28 Critical Kills 13 | . 1 . 1 2 . . 2 5 . . . 1 . . . . . . . . . 1 . Critical Parts Destroyed 28 | . . . 1 1 . . 11 6 . . . 4 . 3 . 1 . . . . . 1 . Critical Strikes 80 | . 2 . 2 3 . . 25 25 . 3 . 7 . 3 . 1 . . 1 1 . 7 . Burn 10 | . 1 . . . . . . 8 . . . . . . . . . . . 1 . . . Meltdown 2 | . . . . 1 . . . . . . . . . . . . . . . . . 1 . Destroy 24 | . 1 . 2 2 . . . 8 . . . 6 . 3 . 1 . . . . . 1 . Blast 24 | . . . . . . . 12 5 . 3 . 1 . . . . . . . . . 3 . Corrupt 1 | . . . . . . . . 1 . . . . . . . . . . . . . . . Smash 16 | . . . . . . . 13 3 . . . . . . . . . . . . . . . Sever 1 | . . . . . . . . . . . . . . . . . . . 1 . . . . Impale 2 | . . . . . . . . . . . . . . . . . . . . . . 2 . Melee Attacks 142 | . . . . 6 . 6 3 35 . . . 5 . 2 1 . . 14 12 . 6 52 . Impact 20 | . . . . 6 . . 3 11 . . . . . . . . . . . . . . . Slashing 58 | . . . . . . . . . . . . . . 2 1 . . 14 12 . . 29 . Piercing 34 | . . . . . . . . . . . . 5 . . . . . . . . 6 23 . Sneak Attacks 37 | . . . . 1 . 6 . 25 . . . . . . . . . . . . 1 4 . Combat Hostiles 1 | . . . . . . . . . . . . . . . . . . . . . . 1 . Follow-up Attacks 3 | . . . . . . . . . . . . . . . . . . . . . . 3 . Damage Inflicted 47733 | 504 925 . 3040 3345 489 . 9277 6494 94 1851 . 2986 . 566 1147 294 113 1230 1512 3684 288 7667 2227 Guns 14100 | 504 925 . 3040 1302 489 . . 3149 . . . 275 . 262 833 294 55 . 149 1692 . 1131 . Cannons 15708 | . . . . 1919 . . 3909 1074 94 1132 . 1765 . 267 . . . . . 179 187 4092 1090 Explosions 8967 | . . . . 26 . . 388 1738 . 719 . 939 . . 314 . . . 995 1802 . 971 1075 Melee 3745 | . . . . 98 . . . 471 . . . 7 . 37 . . . 1230 368 . 98 1436 . Ramming 199 | . . . . . . . . 28 . . . . . . . . 58 . . 11 3 37 62 Kinetic 21345 | 504 590 . 3040 1128 489 . 3909 2639 . 1061 . 1990 . 529 739 231 55 . . 222 . 3781 438 Thermal 9683 | . 335 . . 1945 . . . 1626 94 71 . 350 . . 227 63 . . 149 1649 187 2335 652 Explosive 5560 | . . . . . . . 388 . . 719 . 400 . . 181 . . . 995 1802 . . 1075 Electromagnetic 2221 | . . . . 174 . . . 1730 . . . 239 . . . . . . . . . 78 . Impact 5549 | . . . . 98 . . 4980 471 . . . . . . . . . . . . . . . Slashing 2399 | . . . . . . . . . . . . . . 37 . . . 1230 368 . . 764 . Piercing 777 | . . . . . . . . . . . . 7 . . . . . . . . 98 672 . Highest Corruption 63 | . . . 17 1 1 . 41 46 . . 10 12 8 22 . . . . 7 4 16 43 63 Average Corruption 16 | . . . 5 1 1 . 19 20 . . 9 8 8 21 . . . . 6 2 7 24 45 Corruption Purged 10 | . . . . . . . 6 . . . . . . . . . . . . . . 4 . Corruption Blocked . | . . . . . . . . . . . . . . . . . . . . . . . . Effects 522 | . . . 18 1 7 . 165 127 . . 3 29 7 16 . . . . 9 2 11 60 67 Message Errors 103 | . . . 4 . 4 . 34 22 . . 1 5 2 3 . . . . 3 . 3 10 12 Matter Fused 97 | . . . 5 . 1 . 32 30 . . . 3 2 1 . . . . 1 . 1 11 10 Heat Flow Errors 65 | . . . 2 1 1 . 17 20 . . 1 2 1 2 . . . . 1 2 1 9 5 Energy Discharges 61 | . . . 2 . . . 20 14 . . . 6 1 4 . . . . 1 . 1 5 7 Parts Rejected 13 | . . . . . 1 . 5 2 . . . 3 . . . . . . 1 . . 1 . Parts Fused 5 | . . . 1 . . . 2 1 . . . . . . . . . . . . . . 1 Data Loss (minor) 61 | . . . 1 . . . 25 15 . . . 3 . 1 . . . . 2 . 1 8 5 Data Loss (major) 20 | . . . . . . . 6 4 . . . 3 . . . . . . . . . 4 3 Misfires 21 | . . . 2 . . . 7 7 . . . 2 . 1 . . . . . . . 1 1 Alerts 16 | . . . . . . . 3 3 . . . 2 1 1 . . . . . . . 5 1 Misdirections 24 | . . . . . . . 1 . . . 1 . . 2 . . . . . . 4 3 13 Weapon Failures 36 | . . . 1 . . . 13 9 . . . . . 1 . . . . . . . 3 9 Overload Shots . | . . . . . . . . . . . . . . . . . . . . . . . . Overflow Damage 3398 | . . . . 81 . . 2001 255 . 99 . 37 . . . . 35 336 5 84 8 409 48 Projectiles 2330 | . . . . 5 . . 1969 1 . . . 36 . . . . . . . 30 8 239 42 Explosions 237 | . . . . . . . 32 32 . 99 . 1 . . . . . . 5 54 . 8 6 Melee 831 | . . . . 76 . . . 222 . . . . . . . . 35 336 . . . 162 . Knockbacks 132 | . . . . 1 . . 63 7 . 4 . 13 . 2 . . 1 . . 1 . 34 6 Impact 23 | . . . . 1 . . 19 2 . . . . . . . . 1 . . . . . . Kinetic 91 | . . . . . . . 38 4 . 3 . 13 . 2 . . . . . 1 . 26 4 Secondary 18 | . . . . . . . 6 1 . 1 . . . . . . . . . . . 8 2 Self-Inflicted Damage 683 | . . . . 39 . . 103 95 . . . 194 . . 79 . 29 . 44 53 1 17 29 Shots 15 | . . . . 1 . . 2 3 . . . 4 . . 1 . . . 1 3 . . . Rammed 37 | . . . . . . . . 5 . . . . . . . . 1 . . 3 1 6 21 Targets Rammed 38 | . . . . . . . . 6 . . . . . . . . 1 . . 3 1 6 21 Kicked . | . . . . . . . . . . . . . . . . . . . . . . . . Crushed 1 | . . . . . . . . 1 . . . . . . . . . . . . . . . Highest Temperature 414 | . 82 . 339 414 123 . 290 245 7 221 109 323 121 232 312 26 . . 40 49 206 317 128 Average Temperature 76 | . 28 . 64 110 46 . 67 89 4 67 59 80 65 72 70 12 . . 40 49 67 88 51 Received Heat Transfer 6305 | . 171 . 474 579 90 . 1047 1019 9 171 . 243 . 476 31 . 60 . 63 363 150 803 556 Effects 15 | . . . 2 2 . . 1 . . . . 2 . 1 7 . . . . . . . . Shutdowns 1 | . . . . . . . . . . . . 1 . . . . . . . . . . . Energy Bleed 5 | . . . 1 1 . . 1 . . . . . . 1 1 . . . . . . . . Interference 6 | . . . . . . . . . . . . . . . 6 . . . . . . . . Matter Decay 3 | . . . 1 1 . . . . . . . 1 . . . . . . . . . . . Siege Activations 6 | . . . . . . . . . . . . . . . . . . . . . . 4 2 Total Turns 246 | . . . . . . . . . . . . . . . . . . . . . . 207 39 Longest Duration 83 | . . . . . . . . . . . . . . . . . . . . . . 83 27 Martial Activations . | . . . . . . . . . . . . . . . . . . . . . . . . Shielding Activations . | . . . . . . . . . . . . . . . . . . . . . . . . Robots Disrupted . | . . . . . . . . . . . . . . . . . . . . . . . . Combat Hostiles . | . . . . . . . . . . . . . . . . . . . . . . . . Robots Corrupted 25 | . . . . 1 . . 14 8 . . . 1 . . . . 1 . . . . . . Combat Hostiles 20 | . . . . . . . 13 5 . . . 1 . . . . 1 . . . . . . Parts Fried 31 | . . . . 1 . . 11 16 . . . 3 . . . . . . . . . . . Impact Corruptions 64 | . . . . 3 . . 50 8 . . . . . . . . 2 . . . . 1 . Robots Melted 6 | . . . . 1 . . . 3 . . . . . . . . . . . 1 . 1 . Combat Hostiles 6 | . . . . 1 . . . 3 . . . . . . . . . . . 1 . 1 . Parts Melted 47 | . . . 6 8 . . . 21 . . . . . . . . . . . 6 1 5 . Heat Transferred 14801 | . 888 . . 3378 . . . 4214 148 111 . 224 . . 211 74 . . 185 2448 185 2352 383 Parts Sabotaged 12 | . . . . . . . 2 7 . . . . . . . . . . . . . 3 . Parts Stolen 1 | . . . . . . . . . . . . . . . . . . . . 1 . . . Parts Stripped . | . . . . . . . . . . . . . . . . . . . . . . . . Power Chain Reactions 4 | . . . . 1 . . . 2 . . . 1 . . . . . . . . . . . Alert | -11 -10 -10 -9 -9 -9 -9 -6 -6 -6 -5 -5 -5 -5 -5 -4 -4 -4 -4 -3 -3 -2 -2 -2 ------- Run | Yrd Mat Min Mat Sto Rec Scr Fac Ext Cet Fac Was Fac Upp Upp Fac Upp Upp Zhi Pro Res Res Tes Frg Maximum Alert Level 5 | . 1 . 4 4 3 . 4 5 4 4 2 4 . . 2 . . . . 3 4 3 2 Low Security (%) 21 | 100 79 100 27 . . . 49 . . . . . . . 13 . . . . . . . . Level 1 11 | . 20 . 20 . . . 5 . . . . 48 . . 75 . . . . . 2 . 46 Level 2 28 | . . . 3 57 80 . 14 12 . . 100 32 . . 10 . . . . 65 64 55 53 Level 3 19 | . . . 9 23 19 . 8 47 . 25 . 10 . . . . . . . 34 32 44 . Level 4 15 | . . . 40 19 . . 21 15 100 74 . 7 . . . . . . . . . . . Level 5 1 | . . . . . . . . 10 . . . . . . . . . . . . . . . High Security 1 | . . . . . . . . 14 . . . . . . . . . . . . . . . Max Security . | . . . . . . . . . . . . . . . . . . . . . . . . Sterilizations 2 | . . . 1 1 . . . . . . . . . . . . . . . . . . . Peak Influence 2769 | 5 335 125 1524 1354 778 . 1503 2769 1550 1349 460 1286 . . 558 . . . . 826 1102 883 574 Initial 1550 | . . 125 . 639 525 . . 713 1550 851 460 280 . . 364 . . . . 647 454 603 460 Average 659 | . 147 51 702 796 627 . 494 1210 1539 1170 431 500 . . 333 . . . . 657 599 686 402 Influence Increases 20284 | 70 795 . 2344 1772 693 . 2382 3810 . 692 . 1946 . 360 772 155 50 15 205 1329 1088 1318 488 Destroy 0b10 Robot/C 8100 | . 300 . 1100 1000 60 . 1280 1800 . 280 . 560 . 80 260 100 20 . 180 320 . 680 80 Destroy 0b10 Robot/NC 595 | 70 35 . 115 110 5 . 80 90 . 5 . 15 . . 10 . . 15 5 . 15 10 15 Destroy Leader 1388 | . 60 . 236 226 . . 290 196 . 52 . 122 . 10 52 10 . . 20 50 . 40 24 Allied During Kill 1473 | . . . 30 92 . . 65 1169 . . . 7 . . 70 . . . . . . 40 . Successful Hack 686 | . 53 . 25 33 66 . 53 49 . 29 . 90 . . 85 . . . . 8 109 59 27 Select Force Hacks 170 | . 50 . 30 . 90 . . . . . . . . . . . . . . . . . . Disable Machine 1095 | . 45 . . 75 . . 105 150 . 45 . 480 . . 45 . . . . 60 . 45 45 Destroy Structure 1190 | . 1 . 33 17 . . 149 56 . 48 . 222 . . 40 . . . . 186 27 234 177 Advance Influence 600 | . . . . . . . . . . . . . . . . . . . . 600 . . . Partial Spotted 315 | . . . . . . . . . . 15 . . . . 30 . . . . 30 180 60 . Lose Combat Pursuer 2700 | . 45 . 105 45 . . 360 300 . 30 . 450 . 270 180 45 30 . . 75 495 150 120 Miscellaneous 1972 | . 206 . 670 174 472 . . . . 188 . . . . . . . . . . 262 . . Influence Decreases 19822 | 70 472 323 830 1938 1313 728 926 2497 1249 895 917 1084 608 435 1155 243 158 15 135 591 822 1573 845 Entered New Map 8341 | . . 198 . 875 823 728 . 743 1219 669 857 120 468 125 215 73 21 . . 23 354 471 359 Time Decay 7104 | 70 462 125 580 723 490 . 676 694 10 206 40 514 140 230 270 170 90 15 105 318 278 542 356 Search Patrol Dispatched 600 | . . . 200 . . . . . . . . . . . 100 . . . . 100 100 100 . Lost Part 1247 | . 10 . 10 60 . . 150 170 20 20 . 50 . 80 20 . 47 . 30 150 90 270 70 Lost Ally 1480 | . . . 40 280 . . 100 740 . . 20 100 . . 100 . . . . . . 40 60 Purge Threat 1050 | . . . . . . . . 150 . . . 300 . . 450 . . . . . . 150 . Squads Dispatched 124 | . 3 . 7 11 . . 25 25 . 3 . 12 . . 5 . 1 . . 7 8 9 8 Investigation 36 | . 3 . 2 3 . . 5 1 . 2 . 8 . . 3 . . . . 1 6 1 1 Extermination 21 | . . . . . . . 8 . . . . 3 . . 1 . . . . 2 1 4 2 Reinforcement 24 | . . . 2 4 . . 3 3 . 1 . 1 . . 1 . . . . 1 1 2 5 Assault 40 | . . . 3 4 . . 6 21 . . . . . . . . 1 . . 3 . 2 . Garrison 3 | . . . . . . . 3 . . . . . . . . . . . . . . . . Intercept . | . . . . . . . . . . . . . . . . . . . . . . . . Searches Triggered 6 | . . . 2 . . . . . . . . . . . 1 . . . . 1 1 1 . Construction Impeded 4 | . . . . . . . 2 2 . . . . . . . . . . . . . . . Haulers Reinforced 2 | . . . . . . . . . . 1 . 1 . . . . . . . . . . . Active Scanning Responses . | . . . . . . . . . . . . . . . . . . . . . . . . Cargo Convoy Interrupts 1 | . . . . . . . . . . . . . . . . . . . . 1 . . . Stealth | -11 -10 -10 -9 -9 -9 -9 -6 -6 -6 -5 -5 -5 -5 -5 -4 -4 -4 -4 -3 -3 -2 -2 -2 --------- Run | Yrd Mat Min Mat Sto Rec Scr Fac Ext Cet Fac Was Fac Upp Upp Fac Upp Upp Zhi Pro Res Res Tes Frg Distress Signals 25 | . . . 1 1 . . 2 . 1 2 . 5 . . 2 . . . . 1 5 1 4 Communications Jammed . | . . . . . . . . . . . . . . . . . . . . . . . . Distress Signals . | . . . . . . . . . . . . . . . . . . . . . . . . Times Spotted 825 | . 22 . 65 66 3 . 92 155 4 20 5 62 . 26 28 5 15 . 14 51 83 64 45 Peak Tracking Total 24 | . 3 . 5 7 2 . 6 24 5 8 5 8 . 6 8 4 10 . 4 21 23 10 19 Tactical Retreats 85 | . 2 . 4 2 . . 19 9 . 1 . 11 . 7 4 1 1 . . 2 9 7 6 Traps | -11 -10 -10 -9 -9 -9 -9 -6 -6 -6 -5 -5 -5 -5 -5 -4 -4 -4 -4 -3 -3 -2 -2 -2 ------- Run | Yrd Mat Min Mat Sto Rec Scr Fac Ext Cet Fac Was Fac Upp Upp Fac Upp Upp Zhi Pro Res Res Tes Frg Traps Triggered 22 | . 1 . 2 3 . . 2 3 . 1 . 1 . . . . . . . . 3 . 6 Indirectly 1 | . . . . . . . . 1 . . . . . . . . . . . . . . . Trap Hack Attempts 66 | . . . . 66 . . . . . . . . . . . . . . . . . . . Triggered . | . . . . . . . . . . . . . . . . . . . . . . . . Disarmed . | . . . . . . . . . . . . . . . . . . . . . . . . Reprogrammed 4 | . . . . 4 . . . . . . . . . . . . . . . . . . . Reused . | . . . . . . . . . . . . . . . . . . . . . . . . Traps Extracted 5 | . . . . 5 . . . . . . . . . . . . . . . . . . . Installed 1 | . . . . 1 . . . . . . . . . . . . . . . . . . . Triggered . | . . . . . . . . . . . . . . . . . . . . . . . . Most Traps Carried 4 | . . . . 4 4 4 3 1 . . . . . . . . . . . . . . . Time Bombs Activated 1 | . . . . . . . . . . . . . . . 1 . . . . . . . . Exploded 1 | . . . . . . . . . . . . . . . 1 . . . . . . . . Machines | -11 -10 -10 -9 -9 -9 -9 -6 -6 -6 -5 -5 -5 -5 -5 -4 -4 -4 -4 -3 -3 -2 -2 -2 ---------- Run | Yrd Mat Min Mat Sto Rec Scr Fac Ext Cet Fac Was Fac Upp Upp Fac Upp Upp Zhi Pro Res Res Tes Frg Machines Disabled 77 | . 4 . . 7 . . 7 11 . 3 . 32 . . 3 . . . . 4 . 3 3 Max in Single Turn 11 | . 1 . . 1 . . 1 1 . 1 . 11 . . 2 . . . . 1 . 1 1 Garrison Access 5 | . . . . . . . 1 . . . . 1 . . . . . . . . 2 1 . Machines Repaired . | . . . . . . . . . . . . . . . . . . . . . . . . Machines Dismantled 10 | . . . . 4 . . . 6 . . . . . . . . . . . . . . . Machines Sabotaged 1 | . 1 . . . . . . . . . . . . . . . . . . . . . . Overloaded Fab Kills . | . . . . . . . . . . . . . . . . . . . . . . . . Hacking | -11 -10 -10 -9 -9 -9 -9 -6 -6 -6 -5 -5 -5 -5 -5 -4 -4 -4 -4 -3 -3 -2 -2 -2 --------- Run | Yrd Mat Min Mat Sto Rec Scr Fac Ext Cet Fac Was Fac Upp Upp Fac Upp Upp Zhi Pro Res Res Tes Frg Machines Accessed 156 | . 11 . 15 13 10 6 17 14 . 5 . 17 2 . 7 1 . 4 . 2 15 13 4 Terminals 75 | . 8 . 9 9 6 . 5 13 . 1 . 5 . . 2 1 . . . . 6 6 4 Fabricators 8 | . . . . . . . 3 . . . . 2 . . 1 . . . . 1 . 1 . Repair Stations 19 | . 1 . 2 2 . . 3 . . 2 . 4 . . 1 . . . . 1 1 2 . Recycling Units 27 | . 2 . 2 2 4 . 4 1 . 2 . 5 . . 3 . . . . . 2 . . Scanalyzers 9 | . . . 2 . . . 1 . . . . . . . . . . . . . 3 3 . Garrison Access 6 | . . . . . . . 1 . . . . 1 . . . . . . . . 3 1 . Total Hacks 450 | . 35 . 41 34 26 24 36 30 . 14 . 66 8 . 30 1 . 17 . 9 33 36 10 Successful 246 | . 23 . 20 14 14 24 14 10 . 8 . 41 8 . 17 1 . 17 . 4 10 14 7 Failed 203 | . 12 . 21 20 11 . 22 20 . 6 . 25 . . 13 . . . . 5 23 22 3 Catastrophic 49 | . 3 . 8 3 1 . 8 8 . 1 . 1 . . 1 . . . . 1 6 7 1 Database Lockouts 1 | . . . . . 1 . . . . . . . . . . . . . . . . . . Manual 145 | . 24 . 21 13 21 . 17 7 . 4 . 15 . . 7 . . . . . 5 10 1 Terminals 224 | . 24 . 28 24 18 . 10 29 . 3 . 33 . . 8 1 . . . . 17 19 10 Fabricators 21 | . . . . . . . 6 . . . . 4 . . 6 . . . . 2 . 3 . Repair Stations 76 | . 8 . 6 8 . . 10 . . 6 . 16 . . 10 . . . . 7 2 3 . Recycling Units 51 | . 3 . 3 2 8 . 8 1 . 5 . 10 . . 6 . . . . . 5 . . Scanalyzers 19 | . . . 4 . . . 1 . . . . . . . . . . . . . 6 8 . Garrison Access 10 | . . . . . . . 1 . . . . 3 . . . . . . . . 3 3 . Terminal Hacks 120 | . 6 . 6 6 5 24 2 8 . 1 . 15 8 . 4 1 . 17 . . 4 6 7 Record 40 | . . . . . . 23 . . . . . . 7 . . 1 . 5 . . . . 4 Part Schematic 12 | . 2 . . 3 3 . . . . . . . . . . . . 4 . . . . . Robot Schematic 2 | . . . . . 1 . . . . . . 1 . . . . . . . . . . . Robot Analysis 8 | . 3 . . . . . . . . . . 1 . . . . . 4 . . . . . Prototype ID Bank 14 | . 1 . 3 . 1 . 1 1 . . . 3 . . . . . 4 . . . . . Open Door 7 | . . . . 2 . 1 . 3 . . . . 1 . . . . . . . . . . Branch Access Points 1 | . . . . . . . . . . . . 1 . . . . . . . . . . . Emergency Access Points 5 | . . . 1 . . . . . . . . 1 . . 1 . . . . . 2 . . Terminal Index 3 | . . . . 1 . . . . . . . 1 . . . . . . . . . 1 . Repair Station Index 1 | . . . . . . . . . . . . 1 . . . . . . . . . . . Recycling Unit Index 1 | . . . . . . . . . . . . . . . . . . . . . 1 . . Alert Level 4 | . . . . . . . . 1 . . . 1 . . . . . . . . . 1 1 Unreport Threat 7 | . . . . . . . . 1 . . . 2 . . 3 . . . . . . 1 . Locate Traps 6 | . . . . . . . 1 1 . . . 1 . . . . . . . . . 1 2 Dispatch Records 1 | . . . . . . . . . . . . 1 . . . . . . . . . . . Maintenance Status 2 | . . . . . . . . 1 . 1 . . . . . . . . . . . . . Patrol Status 1 | . . . 1 . . . . . . . . . . . . . . . . . . . . Garrison Status 1 | . . . . . . . . . . . . 1 . . . . . . . . . . . Hauler Manifests 1 | . . . 1 . . . . . . . . . . . . . . . . . . . . Zone Layout 3 | . . . . . . . . . . . . . . . . . . . . . 1 2 . Fabricator Hacks 6 | . . . . . . . 3 . . . . 1 . . 1 . . . . . . 1 . Load Schematic 3 | . . . . . . . 2 . . . . . . . . . . . . . . 1 . Build 3 | . . . . . . . 1 . . . . 1 . . 1 . . . . . . . . Repair Station Hacks 45 | . 6 . 3 3 . . 5 . . 4 . 10 . . 7 . . . . 4 1 2 . Scan Component 26 | . 3 . 2 2 . . 3 . . 2 . 6 . . 4 . . . . 3 . 1 . Repair 17 | . 3 . 1 1 . . 2 . . 1 . 4 . . 3 . . . . 1 . 1 . Refit 2 | . . . . . . . . . . 1 . . . . . . . . . . 1 . . Recycling Unit Hacks 13 | . 2 . 2 2 . . . . . 1 . 5 . . 1 . . . . . . . . Process 1 | . . . . . . . . . . . . 1 . . . . . . . . . . . Report Inventory 2 | . 2 . . . . . . . . . . . . . . . . . . . . . . Retrieve Matter 3 | . . . . . . . . . . . . 3 . . . . . . . . . . . Retrieve Components 7 | . . . 2 2 . . . . . 1 . 1 . . 1 . . . . . . . . Scanalyzer 7 | . . . 2 . . . . . . . . . . . . . . . . . 1 4 . Insert Component 1 | . . . 1 . . . . . . . . . . . . . . . . . . . . Analyze 1 | . . . 1 . . . . . . . . . . . . . . . . . . . . Retrieve Study 5 | . . . . . . . . . . . . . . . . . . . . . 1 4 . Garrison Access Hacks 5 | . . . . . . . 1 . . . . 1 . . . . . . . . 2 1 . Seal Access 5 | . . . . . . . 1 . . . . 1 . . . . . . . . 2 1 . Unauthorized Hacks 50 | . 9 . 7 3 9 . 3 2 . 2 . 9 . . 4 . . . . . 2 . . Terminals 27 | . 9 . 6 3 6 . . 1 . . . 2 . . . . . . . . . . . Assimilate 1 | . 1 . . . . . . . . . . . . . . . . . . . . . . Botnet 4 | . 1 . 1 1 1 . . . . . . . . . . . . . . . . . . Disrupt 1 | . . . . . . . . 1 . . . . . . . . . . . . . . . Skim 19 | . 5 . 5 2 5 . . . . . . 2 . . . . . . . . . . . Sabotage 2 | . 2 . . . . . . . . . . . . . . . . . . . . . . Fabricators 3 | . . . . . . . . . . . . 2 . . 1 . . . . . . . . Liberate 3 | . . . . . . . . . . . . 2 . . 1 . . . . . . . . Repair Stations . | . . . . . . . . . . . . . . . . . . . . . . . . Recycling Units 20 | . . . 1 . 3 . 3 1 . 2 . 5 . . 3 . . . . . 2 . . Tunnel 4 | . . . 1 . 3 . . . . . . . . . . . . . . . . . . Fedlink 16 | . . . . . . . 3 1 . 2 . 5 . . 3 . . . . . 2 . . Scanalyzers . | . . . . . . . . . . . . . . . . . . . . . . . . Garrison Access . | . . . . . . . . . . . . . . . . . . . . . . . . Data Cores Recovered 3 | . . . . 2 . . 1 . . . . . . . . . . . . . . . . Used 1 | . . . . 1 . . . . . . . . . . . . . . . . . . . Hacking Detections 112 | . 8 . 13 12 6 . 11 12 . 4 . 11 . . 6 . . . . 2 13 11 3 Full Trace Events 14 | . 1 . 1 2 2 . 1 . . . . 2 . . . . . . . 1 3 1 . Feedback Events 2 | . . . . . . . 1 . . . . . . . . . . . . . 1 . . Corruption 2 | . . . . . . . 1 . . . . . . . . . . . . . 1 . . Feedback Blocked 1 | . . . . . . . . . . . . . . . . . . . . 1 . . . Robot Schematics Acquired 3 | . . . . . 1 . . . . . . 1 . . . . . . . . . 1 . Robots Built . | . . . . . . . . . . . . . . . . . . . . . . . . Authchips . | . . . . . . . . . . . . . . . . . . . . . . . . Time . | . . . . . . . . . . . . . . . . . . . . . . . . Total Robot Build Rating . | . . . . . . . . . . . . . . . . . . . . . . . . Part Schematics Acquired 16 | . 2 . . 3 3 . . . . . . . . . . . . 4 . . . 4 . Parts Built 5 | . . . . . . . 2 . . . . 1 . . 2 . . . . . . . . Authchips 1 | . . . . . . . 1 . . . . . . . . . . . . . . . . Time 183 | . . . . . . . 84 . . . . 53 . . 46 . . . . . . . . Total Part Build Rating 32 | . . . . . . . 8 . . . . 6 . . 18 . . . . . . . . Part Studies Acquired 5 | . . . . . . . . . . . . . . . . . . . . . 1 4 . Parts Repaired 17 | . 3 . 1 1 . . 2 . . 1 . 4 . . 3 . . . . 1 . 1 . Time 697 | . 84 . 26 108 . . 100 . . 38 . 193 . . 89 . . . . 37 . 22 . Parts Recycled . | . . . . . . . . . . . . . . . . . . . . . . . . Recycled Matter 17 | . . . . . . . . . . . . 17 . . . . . . . . . . . Retrieved Matter 17 | . . . . . . . . . . . . 17 . . . . . . . . . . . Retrieved Components 27 | . . . 12 9 . . . . . 3 . . . . 3 . . . . . . . . Parts Scanalyzed 1 | . . . 1 . . . . . . . . . . . . . . . . . . . . Part Schematics Acquired . | . . . . . . . . . . . . . . . . . . . . . . . . Parts Damaged . | . . . . . . . . . . . . . . . . . . . . . . . . Bothacking | -11 -10 -10 -9 -9 -9 -9 -6 -6 -6 -5 -5 -5 -5 -5 -4 -4 -4 -4 -3 -3 -2 -2 -2 ------------ Run | Yrd Mat Min Mat Sto Rec Scr Fac Ext Cet Fac Was Fac Upp Upp Fac Upp Upp Zhi Pro Res Res Tes Frg Used RIF Installer . | . . . . . . . . . . . . . . . . . . . . . . . . Robots Hacked 6 | . . . . . . 6 . . . . . . . . . . . . . . . . . Non-combat 2 | . . . . . . 2 . . . . . . . . . . . . . . . . . Combat 4 | . . . . . . 4 . . . . . . . . . . . . . . . . . Robot Hacks Applied 6 | . . . . . . 6 . . . . . . . . . . . . . . . . . parse_system 6 | . . . . . . 6 . . . . . . . . . . . . . . . . . Relay Couplers Released 2 | . . . . . . . 2 . . . . . . . . . . . . . . . . Programmers 2 | . . . . . . . 2 . . . . . . . . . . . . . . . . Fabnet Peak Effective % . | . . . . . . . . . . . . . . . . . . . . . . . . Robots Rewired 16 | . . . . . . . . 16 . . . . . . . . . . . . . . . Allies Hacked . | . . . . . . . . . . . . . . . . . . . . . . . . Hacks Repelled . | . . . . . . . . . . . . . . . . . . . . . . . . Allies | -11 -10 -10 -9 -9 -9 -9 -6 -6 -6 -5 -5 -5 -5 -5 -4 -4 -4 -4 -3 -3 -2 -2 -2 -------- Run | Yrd Mat Min Mat Sto Rec Scr Fac Ext Cet Fac Was Fac Upp Upp Fac Upp Upp Zhi Pro Res Res Tes Frg Total Allies 84 | . . . 3 15 . . 7 42 . . 1 6 . . 5 . . . . . . 2 3 Largest Group 21 | . . . 3 10 . . 3 21 . . 1 3 . . 5 . . . . . . 2 3 Highest-Rated Group 771 | . . . 75 88 . . 123 771 . . 31 148 . . 235 . . . . . . 238 114 Highest-Rated Ally 159 | . . . 25 31 . . 116 159 . . 31 148 . . 47 . . . . . . 119 38 Initial UFD Resources 107 | . . . . . . . 23 39 41 43 57 57 67 67 71 87 87 87 89 89 93 107 107 Total Orders 8 | . . . . . . . . . . . . . . . 8 . . . . . . . . STAY 4 | . . . . . . . . . . . . . . . 4 . . . . . . . . FOLLOW 4 | . . . . . . . . . . . . . . . 4 . . . . . . . . Ally Attacks 706 | . . . 9 126 . . 57 392 . . 5 63 . . 30 . . . . . . 18 6 Total Damage 14581 | . . . 360 1095 . . 2671 7828 . . 63 984 . . 516 . . . . . . 823 241 Kills 100 | . . . 6 15 . . 19 44 . . . 6 . . 7 . . . . . . 3 . Allies Corrupted . | . . . . . . . . . . . . . . . . . . . . . . . . Allies Melted . | . . . . . . . . . . . . . . . . . . . . . . . . X0-1V1 Amusement Gains 622 | . 16 . 93 48 . . 117 34 . 23 . 35 20 . 30 . 10 . . 70 20 56 50 Average Entertainment 54 | . 7 4 16 88 46 . 53 93 67 43 65 75 61 52 45 29 24 . 12 47 46 56 51 Good Acts 230 | . 1 . 18 24 8 . 24 30 2 7 2 19 5 6 9 . 3 . 2 13 13 29 15 Bad Acts 146 | . 4 2 30 15 6 . 13 5 . 5 1 12 1 7 1 4 3 . 6 2 13 13 3 Intel | -11 -10 -10 -9 -9 -9 -9 -6 -6 -6 -5 -5 -5 -5 -5 -4 -4 -4 -4 -3 -3 -2 -2 -2 ------- Run | Yrd Mat Min Mat Sto Rec Scr Fac Ext Cet Fac Was Fac Upp Upp Fac Upp Upp Zhi Pro Res Res Tes Frg Active Infowar (turns) 12339 | 487 729 . 2219 1055 . . 4073 1133 39 272 83 1005 . . . . . . . 39 . 508 697 Optics 5718 | . . . . . . . 4073 1133 . . . 512 . . . . . . . . . . . Sensors 4310 | . . . . . . . 1254 902 39 272 83 516 . . . . . . . 39 . 508 697 Seismic 2604 | 487 729 . 1388 . . . . . . . . . . . . . . . . . . . . T.N.C. 1886 | . . . 831 1055 . . . . . . . . . . . . . . . . . . . Machine Analysis 96 | . . . . . . . . . . . . . . . . . . . . . . 96 . Robot Analysis Total 7 | . 2 . . . . . . . . . . 1 . . . . . 4 . . . . . Derelict Logs Recovered 2 | . . . . . . . . . . . . . . 2 . . . . . . . . . Drone Launches . | . . . . . . . . . . . . . . . . . . . . . . . . Drone Recoveries . | . . . . . . . . . . . . . . . . . . . . . . . . Exploration | -11 -10 -10 -9 -9 -9 -9 -6 -6 -6 -5 -5 -5 -5 -5 -4 -4 -4 -4 -3 -3 -2 -2 -2 ------------- Run | Yrd Mat Min Mat Sto Rec Scr Fac Ext Cet Fac Was Fac Upp Upp Fac Upp Upp Zhi Pro Res Res Tes Frg Turns Passed 28402 | 578 1383 324 3085 3454 1281 2086 4392 3341 39 424 83 1402 291 499 590 353 186 264 656 715 611 1548 817 Spaces Moved 17308 | 255 657 232 980 1210 531 1485 1898 1216 62 421 119 1447 414 636 527 436 246 296 382 494 1839 1118 407 Core 830 | 3 . . . . . . . 16 . 1 . . . . . . . . . 181 . 476 153 Treads 2537 | 252 247 . 46 94 3 . 286 975 . . . . . . . . . . . . . 380 254 Legs 235 | . . . . . . . . 15 . 1 . . . . . . . . . 219 . . . Wheels 6317 | . 410 232 934 1116 528 1485 1612 . . . . . . . . . . . . . . . . Hover 4980 | . . . . . . . . . . 398 119 1447 414 636 527 436 246 296 382 79 . . . Flight 2409 | . . . . . . . . 210 62 21 . . . . . . . . . 15 1839 262 . Fastest Speed 16 | 50 130 135 145 135 125 105 140 34 34 40 59 59 68 68 59 71 71 71 66 40 16 19 50 Average Speed 112 | 158 153 135 158 163 131 133 164 203 39 61 59 63 68 68 59 71 71 71 139 95 25 86 118 Slowest Speed 560 | 160 320 135 320 560 320 165 320 320 114 200 59 71 68 71 122 71 71 71 150 150 100 160 160 Overloaded Moves 78 | . . . . . . . . . . . . . . . . . . . . . 78 . . Propulsion Burnouts . | . . . . . . . . . . . . . . . . . . . . . . . . Robots Hopped 27 | . . . . . . . . . . . . . . . . . . . . . 26 1 . Potential Cave-ins . | . . . . . . . . . . . . . . . . . . . . . . . . Cave-ins Triggered . | . . . . . . . . . . . . . . . . . . . . . . . . Teleports 1 | . . . . . . . . . . . . . . . . . . 1 . . . . . Exploration Rate (%) 58 | 6 97 65 80 95 99 87 45 97 23 12 77 36 65 81 24 60 59 62 53 17 64 84 20 Regions Visited 23 Branch Regions 14 Pre-discovered Areas 13 | . . . 3 . 6 . 1 . . . . . . . . . . 3 . . . . . Known Exits Taken 14 | . 1 1 1 1 1 . 1 . 1 . . 1 1 . 1 . 1 . 1 . 1 1 . Unknown Exits Taken 7 | 1 . . . . . 1 . 1 . . . . . 1 . 1 . 1 . 1 . . . Scrap Searched 18 | . . 1 . . . 8 . . . . . . 3 3 . 3 . . . . . . . Spaces Dug 45 | . . . . 2 . . 7 . . 2 . 9 . 1 2 . . . . 1 9 12 . Terrain Destroyed 693 | . . . . 5 . . 122 25 . 24 . 119 . 3 30 8 2 . 80 103 9 67 96 Melee 22 | . . . . 2 . . 2 . . . . . . 1 1 . . . . . 4 12 . Projectile 156 | . . . . . . . 61 16 . 5 . 14 . 2 10 8 2 . 8 6 5 14 5 AOE 514 | . . . . 3 . . 59 9 . 19 . 105 . . 18 . . . 72 97 . 41 91 Terrain Rammed . | . . . . . . . . . . . . . . . . . . . . . . . . Walls Destroyed . | . . . . . . . . . . . . . . . . . . . . . . . . Machines Disabled . | . . . . . . . . . . . . . . . . . . . . . . . . Actions | -11 -10 -10 -9 -9 -9 -9 -6 -6 -6 -5 -5 -5 -5 -5 -4 -4 -4 -4 -3 -3 -2 -2 -2 --------- Run | Yrd Mat Min Mat Sto Rec Scr Fac Ext Cet Fac Was Fac Upp Upp Fac Upp Upp Zhi Pro Res Res Tes Frg Total 24078 | 350 922 244 2274 2359 1075 1585 2886 1723 72 545 130 1839 423 671 745 459 251 319 461 636 1922 1487 700 Wait 4130 | 38 136 9 1012 726 508 39 634 138 2 41 11 284 . 18 148 3 . . 47 23 3 93 217 Move 17242 | 254 656 231 979 1209 530 1484 1897 1215 61 421 118 1446 413 635 526 435 245 295 381 493 1796 1115 407 Hop 18 | . . . . . . . . . . . . . . . . . . . . . 17 1 . Pick Up 260 | 8 28 2 30 43 4 23 34 35 . 9 . 4 2 1 7 . . 1 1 10 7 8 3 Fast Attach 297 | 7 6 . 11 12 . 6 25 18 1 21 . 13 3 2 15 6 3 6 5 22 44 70 1 Attach 91 | . 1 . 5 12 1 1 18 25 2 1 . 4 1 3 1 . . 1 1 7 4 3 . Detach 24 | . 1 . . 1 . 1 4 1 1 1 . . . . 1 . . . . 3 4 6 . Swap 280 | . 21 . 65 62 9 12 34 32 . 9 1 8 . 1 2 2 . . 4 9 1 6 2 Drop 353 | 1 19 2 43 46 4 13 33 35 1 21 . 11 4 . 15 4 . 2 . 13 22 56 8 Fire 1021 | 42 54 . 129 141 19 . 204 130 4 21 . 53 . 9 28 9 2 . 10 53 10 74 29 Melee 138 | . . . . 6 . 6 3 35 . . . 5 . 2 1 . . 14 12 . 5 49 . Ram 33 | . . . . . . . . . . . . . . . . . 1 . . 3 . 6 23 Kick . | . . . . . . . . . . . . . . . . . . . . . . . . Crush 6 | . . . . . . . . 6 . . . . . . . . . . . . . . . Escape Stasis 21 | . . . . . . . . 2 . . . . . . . . . . . . 9 . 10 Rewire 1 | . . . . 1 . . . . . . . . . . . . . . . . . . . Trap 68 | . . . . 67 . . . . . . . . . . 1 . . . . . . . . Miscellaneous 95 | . . . . 33 . . . 51 . . . 11 . . . . . . . . . . . Route ------- -11/Scrapyard -10/Materials (discovered 6 exits: *Mat x3 / *Min x2 / *Sub) -10/Mines (discovered 2 exits: *Mat / *Sub) -9/Materials (discovered 6 exits: *Mat x3 / *Min x2 / *Sto) -9/Storage (discovered 2 exits: *Mat / *Rec) -9/Recycling (discovered 2 exits: *Fac / *Scr) -9/Scraptown (discovered 2 exits: *Fac x2) -6/Factory (discovered 6 exits: *Fac x3 / *Low / *Ext x2) -6/Extension (discovered 3 exits: *Fac x2 / [*Cet]) -6/Cetus -5/Factory -5/Waste -5/Factory (discovered 2 exits: *Upp x2) -5/Upper Caves -5/Upper Caves -4/Factory (discovered 2 exits: *Upp x2) -4/Upper Caves -4/Upper Caves (discovered 2 exits: Res / *Zhi) -4/Zhirov -3/Proximity Caves -3/Research -2/Research -2/Testing (discovered 3 exits: *Acc / *Sec / *Frg) -2/Protoforge (discovered 1 exit: *Acc) History --------- Turn | Location | Event 41 | -11/Scrapyard | Discovered new exit (range 15) 579 | -11/Scrapyard | Entered Materials 580 | -10/Materials | Build established: Mutant 680 | -10/Materials | Discovered new exit (range 7) 845 | -10/Materials | Discovered new exit (range 15) 1322 | -10/Materials | Discovered new exit (range 16) 1373 | -10/Materials | Repaired Lgt. Treads 1409 | -10/Materials | Repaired Lgt. Treads? 1420 | -10/Materials | Discovered new exit (range 6) 1438 | -10/Materials | Prayed at D.C.S.S. Altar Unit 1571 | -10/Materials | Repaired Particle Gun 1678 | -10/Materials | X0-1V1 added 0b10 threat records associated with you (considerable) 1747 | -10/Materials | Discovered new exit (range 20) 1808 | -10/Materials | Identified exit to Mines 1870 | -10/Materials | Identified exit to Materials 1870 | -10/Materials | Identified exit to Subcaves 1923 | -10/Materials | Learned Storage security intel 1962 | -10/Materials | Entered Mines 2166 | -10/Mines | Found a damaged Exp. Sensor Array with a note attached 2170 | -10/Mines | Found Prototype Device 2232 | -10/Mines | X0-1V1 vaporized surrounding terrain (radius 21) 2234 | -10/Mines | Received a Rocket Launcher from a helpful Derelict 2240 | -10/Mines | Discovered exit to Subcaves (range 15) 2246 | -10/Mines | Discovered exit to Materials (range 15) 2286 | -10/Mines | Entered Materials 2286 | -9/Materials | Evolved 2 slots: Utility x2 2287 | -9/Materials | Identified exit to Mines 2457 | -9/Materials | Sensors blinded by X0-1V1 2762 | -9/Materials | X0-1V1 added 0b10 threat records associated with you (major) 3086 | -9/Materials | Search patrols dispatched 3092 | -9/Materials | Repaired Lgt. Treads? 3416 | -9/Materials | System corruption reached 10% 3446 | -9/Materials | X0-1V1 added 0b10 threat records associated with you (major) 3486 | -9/Materials | Search patrols dispatched 3521 | -9/Materials | Discovered exit to Mines (range 14) 3538 | -9/Materials | Sensors blinded by X0-1V1 3722 | -9/Materials | Energy generation permanently improved by X0-1V1 (+20; -200 max core) 3730 | -9/Materials | X0-1V1 foreshadows a heat wave 3738 | -9/Materials | X0-1V1 sent hostile G-34 Mercenary (x3) 3740 | -9/Materials | X0-1V1 whisked you away to safety 3770 | -9/Materials | X0-1V1 sent you to a vault 3806 | -9/Materials | Weapon slot count temporarily expanded by X0-1V1 (+2) 3825 | -9/Materials | Identified exit to Materials 3825 | -9/Materials | X0-1V1 revealed exit location to -8/Materials 3849 | -9/Materials | X0-1V1 added 0b10 threat records associated with you (minor) 3897 | -9/Materials | Ambient heat levels rising (+10) 4050 | -9/Materials | Identified exit to Storage 4050 | -9/Materials | X0-1V1 revealed exit location to -9/Storage 4051 | -9/Materials | Identified Exp. Sensor Array 4069 | -9/Materials | Ambient heat levels rising (+10) 4134 | -9/Materials | Build established: Tank 4248 | -9/Materials | Weapon slot count reverted to normal (-2) 4272 | -9/Materials | Ambient heat levels falling (-10) 4286 | -9/Materials | First assault squad dispatched 4382 | -9/Materials | X0-1V1 caused items to flee you 4456 | -9/Materials | Loaded intel: 5 trap records 4500 | -9/Materials | Learned Storage stockpile data 4508 | -9/Materials | Ambient heat levels falling (-10) 4535 | -9/Materials | Learned location of 1 exit from Recycling 4548 | -9/Materials | X0-1V1 sent hostile Y-45 Defender (x2) 4561 | -9/Materials | Build established: Mutant 4598 | -9/Materials | Learned location of Zion (-7) 4626 | -9/Materials | Items stopped fleeing you 4632 | -9/Materials | Learned Storage emergency access door positions 5017 | -9/Materials | Core integrity fell below 50% 5032 | -9/Materials | Sterilization system engaged 5032 | -9/Materials | Non-combat units ordered to evacuate 5132 | -9/Materials | Combat units ordered to evacuate 5216 | -9/Materials | X0-1V1 announced a LAN party 5332 | -9/Materials | Ambient heat levels rising (+10) 5371 | -9/Materials | Entered Storage 5383 | -9/Storage | Assisted by bots powering up and referring to "LRC-V3" 5563 | -9/Storage | Lost 7 allies 5592 | -9/Storage | X0-1V1 announced a LAN party 5655 | -9/Storage | Repaired Faulty Exp. Sensor Array 6015 | -9/Storage | Core integrity fell below 20% 6225 | -9/Storage | X0-1V1 put everyone to sleep 6437 | -9/Storage | Discovered exit to Materials (range 15) 6477 | -9/Storage | X0-1V1 activates XOMVISION 6571 | -9/Storage | First assault squad dispatched 6583 | -9/Storage | Core integrity permanently improved by X0-1V1 (+350) 6605 | -9/Storage | Core integrity restored by X0-1V1 (+154) 6758 | -9/Storage | Destroyed 7 combat bots 7086 | -9/Storage | Identified exit to Recycling 7086 | -9/Storage | X0-1V1 revealed exit location to -9/Recycling 7159 | -9/Storage | X0-1V1 woke everyone up 7366 | -9/Storage | X0-1V1 activates XOMVISION 7507 | -9/Storage | X0-1V1 added 0b10 threat records associated with you (considerable) 7684 | -9/Storage | X0-1V1 sent allied G-34 Mercenary (x3) 7761 | -9/Storage | X0-1V1 activates XOMVISION 7767 | -9/Storage | Found Prototype Launcher 7767 | -9/Storage | Identified Gui. EMP Blaster 7809 | -9/Storage | X0-1V1 sent you into danger 8014 | -9/Storage | Core integrity restored by X0-1V1 (+110) 8107 | -9/Storage | Met a pair of Derelict thieves 8239 | -9/Storage | Lost 3 allies 8369 | -9/Storage | X0-1V1 made a cryptic comment about sterilization and BL-4Z3 8485 | -9/Storage | Sterilization system engaged 8485 | -9/Storage | Non-combat units ordered to evacuate 8585 | -9/Storage | Combat units ordered to evacuate 8785 | -9/Storage | Ambient heat levels rising (+10) 8825 | -9/Storage | Entered Recycling 8826 | -9/Recycling | Identified exit to Factory 8952 | -9/Recycling | X0-1V1 caused items to flee you 9022 | -9/Recycling | X0-1V1 added 0b10 threat records associated with you (minor) 9061 | -9/Recycling | Scanned before Scraplab entrance 9131 | -9/Recycling | Mass support permanently improved by X0-1V1 (+6; -200 max core) 9136 | -9/Recycling | Items stopped fleeing you 9420 | -9/Recycling | Identified exit to Scraptown 9420 | -9/Recycling | X0-1V1 revealed exit location to -9/Scraptown 9637 | -9/Recycling | X0-1V1 added 0b10 threat records associated with you (considerable) 9655 | -9/Recycling | Learned location of 1 exit from Recycling 9782 | -9/Recycling | Learned Materials trap positions 9829 | -9/Recycling | Learned location of 2 exits from Materials 9854 | -9/Recycling | X0-1V1 activates XOMVISION 9864 | -9/Recycling | Learned Materials security intel 9920 | -9/Recycling | Learned location of 1 exit from Recycling 9920 | -9/Recycling | X0-1V1 added 0b10 threat records associated with you (minor) 10010 | -9/Recycling | Learned Storage trap positions 10094 | -9/Recycling | Entered Scraplab 10106 | -9/Recycling | Entered Scraptown 10106 | -9/Scraptown | System corruption cleaned by C-Scrubber 10265 | -9/Scraptown | Visited UFD Registry 10265 | -9/Scraptown | Registered with UFD as "Guncoil" 10311 | -9/Scraptown | Visited Shadow of the Wyrm 10610 | -9/Scraptown | Discovered new exit (range 5) 10707 | -9/Scraptown | Visited Bundlers 10796 | -9/Scraptown | Visited IN-MT5's Study 10816 | -9/Scraptown | Visited CR-KLE's Repair Center 10926 | -9/Scraptown | Visited Curators Association 10959 | -9/Scraptown | Visited Sword Containment 10981 | -9/Scraptown | Visited A0-MCA Data Center 10989 | -9/Scraptown | Given an A- rating by A0-MCA 10994 | -9/Scraptown | Found A0-MCA's Component Scanner 11022 | -9/Scraptown | Visited Infowarlord's Domain 11031 | -9/Scraptown | Found Exp. Signal Interpreter 11050 | -9/Scraptown | Visited Botcube Research 11081 | -9/Scraptown | Visited Scrap Suit Storage 11105 | -9/Scraptown | Visited Chapter 10 11126 | -9/Scraptown | Visited LU-1G1's Boring Crew 11149 | -9/Scraptown | Visited Junk Cannon Lab 11166 | -9/Scraptown | Visited Derelict Rescue Squad 11546 | -9/Scraptown | CR-KLE repaired 5 parts 11678 | -9/Scraptown | Found Junk Cannon 11769 | -9/Scraptown | Visited Cyclists 11782 | -9/Scraptown | Entered Cyclist Reading Room 12114 | -9/Scraptown | Met Optimus 12114 | -9/Scraptown | Accepted into 0bPrime 12185 | -9/Scraptown | Discovered new exit (range 5) 12192 | -9/Scraptown | Entered Factory 12192 | -6/Factory | Evolved 6 slots: Propulsion x2, Utility x3, Weapon x1 12249 | -6/Factory | X0-1V1 sent you to a vault 12259 | -6/Factory | Discovered new exit (range 12) 12270 | -6/Factory | Garrison activated, responded to threat 12500 | -6/Factory | Fabricated Med. Reactive Plating (x2) 12614 | -6/Factory | Build established: Scavenger-Tank 12836 | -6/Factory | Discovered new exit (range 6) 12842 | -6/Factory | Identified exit to Factory 12978 | -6/Factory | Build established: Skirmisher 12990 | -6/Factory | Loaded intel: 8 recycling unit locations 13118 | -6/Factory | X0-1V1 activates XOMVISION 13623 | -6/Factory | X0-1V1 sent hostile H-55 Commando (x2) 13629 | -6/Factory | Identified exit to Extension 13629 | -6/Factory | X0-1V1 revealed exit location to -6/Extension 13802 | -6/Factory | X0-1V1 announced a LAN party 13888 | -6/Factory | Learned location of Protoforge (-2) 14011 | -6/Factory | System corruption reached 10% 14028 | -6/Factory | Repaired Broken F-cell Engine 14067 | -6/Factory | Discovered exit to Factory (range 22) 14199 | -6/Factory | Spotted B-75 Beast 14199 | -6/Factory | X0-1V1 sent you into danger 14206 | -6/Factory | Destroyed B-75 Beast 14270 | -6/Factory | X0-1V1 sent you into danger 14523 | -6/Factory | X0-1V1 activates XOMVISION 14646 | -6/Factory | X0-1V1 revealed exit location to -5/Factory 14762 | -6/Factory | Build established: Tank 14992 | -6/Factory | First assault squad dispatched 15363 | -6/Factory | Repaired Force Field 15494 | -6/Factory | X0-1V1 turns hostiles against one another 15514 | -6/Factory | Destroyed 7 combat bots 15615 | -6/Factory | X0-1V1 sent allied X-62 Marksman (x2) 15618 | -6/Factory | X0-1V1 put everyone to sleep 15648 | -6/Factory | Destroyed 8 combat bots 15654 | -6/Factory | Lost 8 parts (2n3u3w) 15728 | -6/Factory | Discovered new exit (range 21) 15806 | -6/Factory | X0-1V1 sent allied B-86 Titan (x1) 15942 | -6/Factory | System corruption reached 30% 15997 | -6/Factory | Identified exit to Lower Caves 16584 | -6/Factory | Entered Extension 16615 | -6/Extension | Lost 4 parts (1n2u1w) 16661 | -6/Extension | X0-1V1 sent hostile X-62 Marksman (x2) 16689 | -6/Extension | X0-1V1 sent allied H-55 Commando (x4) 16695 | -6/Extension | Disrupted transfer network 16934 | -6/Extension | First assault squad dispatched 16999 | -6/Extension | Build established: Scavenger-Skirmisher 17024 | -6/Extension | Core integrity restored by X0-1V1 (+208) 17225 | -6/Extension | X0-1V1 put everyone to sleep 17610 | -6/Extension | Spotted B-75 Beast 17735 | -6/Extension | Rescued a captive Derelict 17784 | -6/Extension | Rescued a captive Derelict 17786 | -6/Extension | Rescued a captive Derelict 17879 | -6/Extension | Rescued a captive Derelict 17880 | -6/Extension | Rescued a captive Derelict 17930 | -6/Extension | Rescued a captive Derelict 17932 | -6/Extension | Rescued a captive Derelict 17973 | -6/Extension | Rescued a captive Derelict 18004 | -6/Extension | Build established: Commander-Tank 18099 | -6/Extension | X0-1V1 downgraded hostiles (x1) 18458 | -6/Extension | X0-1V1 woke everyone up 18577 | -6/Extension | Allies destroyed B-75 Beast 18588 | -6/Extension | Spotted B-75 Beast 18597 | -6/Extension | Allies destroyed B-75 Beast 18907 | -6/Extension | Rescued a captive Derelict 19078 | -6/Extension | X0-1V1 vaporized surrounding terrain (radius 15) 19079 | -6/Extension | Rescued a captive Derelict 19168 | -6/Extension | Rescued A7 19224 | -6/Extension | Rescued a captive Derelict 19225 | -6/Extension | Rescued a captive Derelict 19269 | -6/Extension | Rescued a captive Derelict 19321 | -6/Extension | X0-1V1 revealed exit location to -5/Factory 19451 | -6/Extension | High security lockdown imminent 19452 | -6/Extension | Loaded intel: 1 recycling unit location 19528 | -6/Extension | Lost 4 allies 19531 | -6/Extension | High security lockdown engaged 19677 | -6/Extension | Destroyed 12 combat bots 19698 | -6/Extension | Lost 8 allies 19709 | -6/Extension | X0-1V1 turns hostiles against one another 19714 | -6/Extension | Lost 3 parts (1n2w) 19750 | -6/Extension | Lost 6 allies 19783 | -6/Extension | Core integrity fell below 50% 19813 | -6/Extension | Lost 13 parts (1p7n3u2w) 19822 | -6/Extension | Destroyed 12 combat bots 19831 | -6/Extension | Released all parts (9) 19839 | -6/Extension | Weapon slot count temporarily expanded by X0-1V1 (+1) 19873 | -6/Extension | Core integrity restored by X0-1V1 (+120) 19909 | -6/Extension | Found Prototype Processor 19909 | -6/Extension | Identified Exp. Targeting Computer 19911 | -6/Extension | Found Exp. Targeting Computer 19913 | -6/Extension | Found Exp. Targeting Computer 19918 | -6/Extension | Discovered new exit (range 16) 19919 | -6/Extension | Discovered exit to Factory (range 14) 19925 | -6/Extension | Entered Cetus 19931 | -6/Cetus | Spotted Cetus Guard 19932 | -6/Cetus | Spotted Cetus Guard 19932 | -6/Cetus | Spotted Cetus Guard 19957 | -6/Cetus | Discovered exit to Factory (range 16) 19961 | -6/Cetus | Core integrity restored by X0-1V1 (+184) 19964 | -6/Cetus | Entered Factory 19964 | -5/Factory | Evolved 2 slots: Power x1, Propulsion x1 19974 | -5/Factory | X0-1V1 activates XOMVISION 20030 | -5/Factory | X0-1V1 added 0b10 threat records associated with you (considerable) 20063 | -5/Factory | Weapon slot count reverted to normal (-1) 20067 | -5/Factory | X0-1V1 vaporized surrounding terrain (radius 18) 20084 | -5/Factory | Repaired Imp. Sensor Array 20091 | -5/Factory | X0-1V1 enhanced Transport squad support 20123 | -5/Factory | Forcibly received Sfc. Transmogifier from X0-1V1 20169 | -5/Factory | Loaded intel: 8 recycling unit locations 20243 | -5/Factory | X0-1V1 sent you to a vault 20245 | -5/Factory | Found Prototype Hackware 20245 | -5/Factory | Identified Ghost Barrier 20250 | -5/Factory | Found Prototype Hackware 20250 | -5/Factory | Identified System Mapper 20256 | -5/Factory | Destroyed 7 combat bots 20388 | -5/Factory | Sucked down chute 20388 | -5/Factory | Entered Waste 20389 | -5/Waste | Met a frightened Derelict 20400 | -5/Waste | Spotted C-40 Crusher 20403 | -5/Waste | EMP discharged 20415 | -5/Waste | Spotted C-40 Crusher 20417 | -5/Waste | Spotted C-40 Crusher 20419 | -5/Waste | Spotted C-40 Crusher 20420 | -5/Waste | Spotted C-40 Crusher 20423 | -5/Waste | Spotted C-40 Crusher 20457 | -5/Waste | System corruption reached 10% 20465 | -5/Waste | Discovered new exit (range 10) 20470 | -5/Waste | Identified exit to Factory 20471 | -5/Waste | Entered Factory 20546 | -5/Factory | Watched by a mysterious "MATRIX" hacker 20579 | -5/Factory | X0-1V1 sent you into danger 20602 | -5/Factory | Repaired Mic. Fission Core? 20670 | -5/Factory | Fabricated Adv. Drone Bay? 20750 | -5/Factory | X0-1V1 activates XOMVISION 20911 | -5/Factory | Build established: Hacker-Mutant 21060 | -5/Factory | X0-1V1 activates XOMVISION 21077 | -5/Factory | Spotted B-75 Beast 21098 | -5/Factory | Repaired Imp. Linear Gravjet? 21293 | -5/Factory | Loaded intel: 8 recycling unit locations 21296 | -5/Factory | Sensors blinded by X0-1V1 21329 | -5/Factory | X0-1V1 sent hostile C-35 Carver (x1) 21389 | -5/Factory | Identified exit to Upper Caves 21389 | -5/Factory | X0-1V1 revealed exit location to -5/Upper Caves 21453 | -5/Factory | X0-1V1 sent you into danger 21459 | -5/Factory | Repaired Cmb. Airjet? 21532 | -5/Factory | Build established: Hacker-Gunner 21537 | -5/Factory | X0-1V1 sent you into danger 21702 | -5/Factory | Repaired Cmb. Airjet 21711 | -5/Factory | X0-1V1 vaporized surrounding terrain (radius 17) 21831 | -5/Factory | X0-1V1 sent allied B-90 Cyclops (x1) 21873 | -5/Factory | Entered Upper Caves 21961 | -5/Upper Caves | Identified exit to Upper Caves 21961 | -5/Upper Caves | X0-1V1 revealed exit location to -5/Upper Caves 21969 | -5/Upper Caves | X0-1V1 activates XOMVISION 22077 | -5/Upper Caves | Found Imp. Powered Armor 22093 | -5/Upper Caves | Entered an active Warlord outpost 22104 | -5/Upper Caves | Learned Factory trap positions 22104 | -5/Upper Caves | Learned Research trap positions 22104 | -5/Upper Caves | Learned Factory emergency access door positions 22104 | -5/Upper Caves | Learned Extension security intel 22104 | -5/Upper Caves | Learned Research garrison access intel 22160 | -5/Upper Caves | X0-1V1 caused items to flee you 22164 | -5/Upper Caves | Entered another Upper Caves area 22239 | -5/Upper Caves | X0-1V1 upgraded hostiles (x3) 22402 | -5/Upper Caves | Learned Factory stockpile data 22519 | -5/Upper Caves | Core integrity restored by X0-1V1 (+152) 22539 | -5/Upper Caves | Build established: Hacker-Mutant 22568 | -5/Upper Caves | X0-1V1 activates XOMVISION 22573 | -5/Upper Caves | Lost 3 parts (1p1n1u) 22597 | -5/Upper Caves | Encountered a Warlord checkpoint 22627 | -5/Upper Caves | Discovered new exit (range 16) 22644 | -5/Upper Caves | Learned Factory emergency access door positions 22645 | -5/Upper Caves | Entered a destroyed Warlord outpost 22663 | -5/Upper Caves | Entered Factory 22663 | -4/Factory | Evolved 2 slots: Utility x2 22664 | -4/Factory | Loaded intel: 123 trap records 22727 | -4/Factory | X0-1V1 vaporized surrounding terrain (radius 18) 22824 | -4/Factory | Identified exit to Upper Caves 22824 | -4/Factory | X0-1V1 revealed exit location to -4/Upper Caves 22831 | -4/Factory | Repaired Cmb. Airjet 22871 | -4/Factory | Repaired Broken Cmb. Gravmag System 22898 | -4/Factory | Repaired Cmb. Airjet 22906 | -4/Factory | X0-1V1 sent you to a vault 22913 | -4/Factory | Search patrols dispatched 22917 | -4/Factory | Loaded intel: 8 recycling unit locations 22979 | -4/Factory | Fabricated Enh. Quantum Rifle (x2) 23007 | -4/Factory | Build established: Hacker-Tank 23083 | -4/Factory | Lost 3 allies 23143 | -4/Factory | Spotted B-86 Titan 23168 | -4/Factory | X0-1V1 activates XOMVISION 23239 | -4/Factory | Discovered exit to Upper Caves (range 19) 23253 | -4/Factory | Entered Upper Caves 23350 | -4/Upper Caves | X0-1V1 sent hostile C-35 Carver (x1) 23493 | -4/Upper Caves | Discovered new exit (range 7) 23606 | -4/Upper Caves | Entered another Upper Caves area 23660 | -4/Upper Caves | Identified exit to Zhirov 23660 | -4/Upper Caves | X0-1V1 revealed exit location to -4/Zhirov 23692 | -4/Upper Caves | Build established: Hacker-Mutant 23722 | -4/Upper Caves | X0-1V1 sent you into danger 23749 | -4/Upper Caves | Attracted the attention of an 0b10 outpost 23766 | -4/Upper Caves | Identified exit to Research 23766 | -4/Upper Caves | X0-1V1 revealed exit location to -3/Research 23767 | -4/Upper Caves | X0-1V1 sent hostile Wasp (x2) 23792 | -4/Upper Caves | Entered Zhirov 23792 | -4/Zhirov | Discovered new exit (range 3) 23815 | -4/Zhirov | Met Zhirov 23821 | -4/Zhirov | Lost 4 parts (4u) 23831 | -4/Zhirov | Learned location of Testing (-2) 23831 | -4/Zhirov | Learned location of Command (-1) 23844 | -4/Zhirov | Zhirov requested help retrieving the SGEMP Prototype 23855 | -4/Zhirov | Found Alien Artifact 23855 | -4/Zhirov | Identified Integrated Dissipator 23855 | -4/Zhirov | Installed Integrated Dissipator, increased core heat dissipation (+20) 23864 | -4/Zhirov | Found Alien Artifact 23864 | -4/Zhirov | Identified Transdimensional Reconstructor 23864 | -4/Zhirov | Warped through subspace 24056 | -4/Zhirov | Entered Proximity Caves 24122 | -3/Proximity Caves | Lost 6 parts (1p3n2w) 24143 | -3/Proximity Caves | Spotter reported a threat 24185 | -3/Proximity Caves | X0-1V1 caused items to flee you 24337 | -3/Proximity Caves | Spotter reported a threat 24393 | -3/Proximity Caves | Items stopped fleeing you 24403 | -3/Proximity Caves | Spotter reported a threat 24534 | -3/Proximity Caves | X0-1V1 sent hostile Thug (x3) 24618 | -3/Proximity Caves | Spotter reported a threat 24707 | -3/Proximity Caves | Discovered exit to Research (range 4) 24712 | -3/Proximity Caves | Entered Research 24712 | -3/Research | Evolved 2 slots: Propulsion x1, Utility x1 24713 | -3/Research | Loaded intel: 77 trap records 24714 | -3/Research | Loaded intel: 3 garrison access locations 24768 | -3/Research | X0-1V1 redirected Transport squads to designated parking area 24822 | -3/Research | Repaired Enh. Quantum Rifle 24875 | -3/Research | Weapon slot count temporarily expanded by X0-1V1 (+4) 24934 | -3/Research | Lost 5 parts (1p2n2w) 24962 | -3/Research | Search patrols dispatched 25212 | -3/Research | First assault squad dispatched 25293 | -3/Research | Linear Accelerator reconfigured into Greater Item Mimic 25310 | -3/Research | Released all parts (18) 25341 | -3/Research | Lost 3 parts (1u2w) 25349 | -3/Research | Weapon slot count reverted to normal (-4) 25391 | -3/Research | Cargo convoy interrupted 25392 | -3/Research | Spotted Striker 25392 | -3/Research | Spotted Executioner 25392 | -3/Research | Spotted Executioner 25405 | -3/Research | X0-1V1 activates XOMVISION 25413 | -3/Research | Spotted B-86 Titan 25418 | -3/Research | Core integrity fell below 50% 25424 | -3/Research | Discovered new exit (range 9) 25426 | -3/Research | Lost 3 parts (2u1w) 25427 | -3/Research | Entered another Research area 25427 | -2/Research | Evolved 2 slots: Propulsion x1, Weapon x1 25479 | -2/Research | X0-1V1 enhanced Transport squad support 25497 | -2/Research | Loaded intel: 5 recycling unit locations 25511 | -2/Research | X0-1V1 activates XOMVISION 25668 | -2/Research | X0-1V1 sent hostile B-74 Champion (x2) 25691 | -2/Research | Spotted B-90 Cyclops 25713 | -2/Research | X0-1V1 activates XOMVISION 25736 | -2/Research | Lost 4 parts (1n1u2w) 25829 | -2/Research | Found Gamma Bomb Array 25889 | -2/Research | Found Prototype Device 25889 | -2/Research | Identified Exp. Shock Absorption System 25894 | -2/Research | Spotted B-90 Cyclops 25899 | -2/Research | X0-1V1 redirected Transport squads to designated parking area 25901 | -2/Research | System corruption reached 10% 25918 | -2/Research | X0-1V1 sent you into danger 25927 | -2/Research | Search patrols dispatched 25938 | -2/Research | Build established: Sprinter 25986 | -2/Research | Spotted B-90 Cyclops 25988 | -2/Research | Found Prototype Launcher 26006 | -2/Research | Spotted B-90 Cyclops 26009 | -2/Research | X0-1V1 activates XOMVISION 26010 | -2/Research | X0-1V1 added 0b10 threat records associated with you (major) 26018 | -2/Research | X0-1V1 sent you into danger 26019 | -2/Research | Weapon slot count temporarily expanded by X0-1V1 (+3) 26028 | -2/Research | X0-1V1 caused items to flee you 26037 | -2/Research | Discovered new exit (range 7) 26038 | -2/Research | Identified exit to Testing 26038 | -2/Research | Entered Testing 26128 | -2/Testing | Found Adv. Powered Armor 26288 | -2/Testing | Search patrols dispatched 26402 | -2/Testing | Weapon slot count reverted to normal (-3) 26422 | -2/Testing | Lost 4 parts (1p1u2w) 26451 | -2/Testing | Destroyed 7 combat bots 26556 | -2/Testing | Identified Point Singularity Launcher 26577 | -2/Testing | Found Prototype Processor 26577 | -2/Testing | Identified Exp. Core Analyzer 26650 | -2/Testing | X0-1V1 sent you to a vault 26667 | -2/Testing | Found Prototype Device 26667 | -2/Testing | Identified Adv. Kinecellerator 26672 | -2/Testing | Found Prototype Ballistic Gun 26672 | -2/Testing | Identified Multirail 26705 | -2/Testing | Found Prototype Slashing Weapon 26705 | -2/Testing | Identified Hvy. Scimitar of Distortion 26748 | -2/Testing | X0-1V1 sent hostile B-74 Champion (x3) 26777 | -2/Testing | X0-1V1 enhanced Transport squad support 26788 | -2/Testing | First assault squad dispatched 26790 | -2/Testing | Found Prototype Energy Cannon 26790 | -2/Testing | Identified YOLO Cannon 26873 | -2/Testing | Destroyed 7 combat bots 26875 | -2/Testing | Core integrity fell below 50% 26901 | -2/Testing | X0-1V1 sent allied Executioner (x2) 26920 | -2/Testing | Lost 15 parts (1p3n8u3w) 26947 | -2/Testing | Core integrity restored by X0-1V1 (+350) 26950 | -2/Testing | Identified exit to Protoforge 26950 | -2/Testing | X0-1V1 revealed exit location to -2/Protoforge 26960 | -2/Testing | X0-1V1 whisked you away to safety 26967 | -2/Testing | Found System Mapper 26975 | -2/Testing | Found Fusion Bomb Launcher 26989 | -2/Testing | Lost 3 parts (1p2n) 27021 | -2/Testing | Repaired Xenon Bombardment Thruster+ 27041 | -2/Testing | Found Prototype Device 27041 | -2/Testing | Identified AEGIS Remote Shield 27053 | -2/Testing | Core integrity restored by X0-1V1 (+322) 27084 | -2/Testing | Spotted PP-0YIV841JDR 27105 | -2/Testing | X0-1V1 activates XOMVISION 27118 | -2/Testing | System corruption reached 30% 27145 | -2/Testing | Core integrity restored by X0-1V1 (+210) 27153 | -2/Testing | X0-1V1 whisked you away to safety 27247 | -2/Testing | Discovered new exit (range 16) 27251 | -2/Testing | Identified exit to Section 7 27251 | -2/Testing | X0-1V1 revealed exit location to -2/Section 7 27288 | -2/Testing | Targeted by mysterious "MATRIX" hacker 27360 | -2/Testing | Sensors blinded by X0-1V1 27389 | -2/Testing | X0-1V1 announced a LAN party 27401 | -2/Testing | Spotted Fortress 27404 | -2/Testing | Weapon slot count temporarily expanded by X0-1V1 (+2) 27427 | -2/Testing | Found Prototype Reactor 27427 | -2/Testing | Identified Vortex Chain Reactor 27430 | -2/Testing | Found Prototype Protection 27430 | -2/Testing | Identified Centrium Heavy Armor Plating 27436 | -2/Testing | Found Hvy. Insulated Plating 27445 | -2/Testing | Found Prototype Device 27445 | -2/Testing | Identified Exp. Force Field 27465 | -2/Testing | Found Prototype Device 27465 | -2/Testing | Identified Thermal Barrier 27468 | -2/Testing | Found Prototype Device 27468 | -2/Testing | Identified Exp. EM Shield 27586 | -2/Testing | Entered Protoforge 27719 | -2/Protoforge | Weapon slot count reverted to normal (-2) 27738 | -2/Protoforge | Build established: Tank 27825 | -2/Protoforge | Superfortress began startup sequence 27901 | -2/Protoforge | Discovered new exit (range 6) 27908 | -2/Protoforge | Identified exit to Access 27998 | -2/Protoforge | X0-1V1 activates XOMVISION 28189 | -2/Protoforge | X0-1V1 sent allied Butcher (x3) 28215 | -2/Protoforge | Spotted Overlord 28247 | -2/Protoforge | Lost 3 allies 28266 | -2/Protoforge | X0-1V1 downgraded hostiles (x4) 28277 | -2/Protoforge | Spotted Decapitator 28278 | -2/Protoforge | Spotted Decapitator 28279 | -2/Protoforge | Spotted Decapitator 28280 | -2/Protoforge | Spotted Decapitator 28296 | -2/Protoforge | Weapon slot count temporarily expanded by X0-1V1 (+3) 28310 | -2/Protoforge | Spotted AP7-3 28311 | -2/Protoforge | Spotted AP7-3 28318 | -2/Protoforge | Core integrity fell below 20% 28320 | -2/Protoforge | Spotted EXE-6 28320 | -2/Protoforge | Spotted EXE-6 28321 | -2/Protoforge | X0-1V1 rescued you from certain death 28339 | -2/Protoforge | Lost 7 parts (3n3u1w) 28403 | -2/Protoforge | Destroyed by P-70 Sage with Tesla Rifle Last Messages --------------- 28380_ Field strength at 73. 28381_ Field strength at 64. 28382_ Field strength at 55. 28383_ Field strength at 46. 28384_ Field strength at 37. 28385_ Field strength at 28. 28386_ Field strength at 19. 28387_ Field strength at 10. 28388_ Field strength at 1. 28389_ Stasis field depleted. 28390_ Door malfunctions. 28393_ System corrupted: Heat flow error (+201). 28396_ ALERT: Potential suspicious activity detected, Programmers report to Protoforge Zone 7C. 28396_ X0-1V1: "I know that drunk sailor look when I see it." 28402_ Energy generation returns to normal. 28403_ X0-1V1 giggles madly! [Achievement: Tester] Map ----- +----------------------------------------------------+ | ?????????????????????????????????????????????????? | | ?????????????????????????????????????????????????? | | ?????????????????????????????????????????????????? | | ?????????????????????????????????????????????????? | | ?????????????????????????????????????????????????? | | ?????????????????????????????????????????????????? | | ?????????????????????????????????????????????????? | | ?????????????????????????????????????????????????? | | ?????????????????????????????????????????????????? | | ?????????????????????????????????????????????????? | | ?????????????????????????????????????????????????? | | ?????????????????????????????????????????????????? | | ?????????????????????????????????????????????????? | | ?????????????????????????????????????????????????? | | ?????????????????????????????????????????????????? | | ?????????????????????????????????????????????????? | | ?????????????????????????????????????????????????? | | ??????????????????????##????######???????????????? | | ??????????????????????# ??????????????? | | ??????????????????????# """" """" ?????????????? | | ??????????????????????# """" """" #????????????? | | ??????????????????????? """" """" ?????????????? | | ????????????????????????? """" """?????#######???? | | ??????????????????????????? ???????# ???? | | ???????????????????##########/##??????? ???? | | ???????????????????+ @ #?####### ???? | | ???????????????????###### # # """"??? | | ????????????????????????# # # """" ? | | ????????????????????????# + # """" ?? | | ????????????????????????# # # """???? | | ????????????????????????# p # # ?????? | | ???????????????????????## ##########+####???? | | ???????????????? g ##### | | ??????????????? Y + | | ???????????????? g # | | ????????????????####+####### ########### # | | ???????????????????????????# #?????????# # | | ???????????????????????????# #?????????# # | | ?????#####?????????????????# #?????????# + """ | | ????? ??????????????# #?????????# # """ | | ????# ###???????????# #?????????# # """ | | ????# ##??????????# #????????## ##### | | ????# #??????????# ?????????# #??? | | ????# #????#####?# ?????????# #### | | ???## #???? # ?????????# | | ???# # #???? "# ?????????# #### | | #### ###??# "# ???? ??# #??? | | #? # "???????? #####+###### | | # # # ## # T#??????? # | | # "#??????# # """"" | +----------------------------------------------------+ Best States ------------- Heat Dissipation 191 Coolant Potential 65 Energy Generation 96 Energy Capacity 1850 Matter Stores 1000 Matter Capacity 1000 Sight Range 27 Robot Scan Range 16 Terrain Scan Density 10 Additional Mass Support 25 Base Temperature (-) 200 EM Shielding 4 Armor Coverage 1200 Resistance: KI 30 Resistance: TH 50 Resistance: EX 75 Resistance: EM 75 Core Shielding 30 Power Shielding 66 Utility Shielding 90 Weapon Shielding 90 Point Defense Rating 240 Phase Shifting 5 Evasion (%) 78 Targeting Accuracy 42 Core Analysis 6 Recoil Reduction 6 Energy Filtering 45 Particle Charging 15 Kinecelleration 50 Salvage Targeting 2 Offensive Hacking 34 Defensive Hacking 20 Authchip Count 2 Trap Extractor Capacity 4 Item Schematics ----------------- Hcp. Storage Unit | -10/Materials | Hacked Cargo Storage Unit | -10/Materials | Hacked Lgt. Treads | -9/Storage | Hacked Lgt. Assault Rifle | -9/Storage | Hacked Rocket Launcher | -9/Storage | Hacked Hardlight Generator | -9/Recycling | Hacked Med. Reactive Plating | -9/Recycling | Hacked Seismic Detector | -9/Recycling | Hacked Assault Drone Bay | -4/Zhirov | Free Exp. Heat Sink | -4/Zhirov | Free Exp. Optical Array | -4/Zhirov | Free Imp. Arc Thrower | -4/Zhirov | Free Shock Maul | -2/Testing | Archive Coolant Network | -2/Testing | Archive Cld. Phase Cannon | -2/Testing | Archive Exp. Core Analyzer | -2/Testing | Archive Robot Schematics ------------------ B-36 Bruiser | -9/Recycling | Hacked G-50 Soldier | -5/Factory | Hacked M-36 Artificer | -2/Testing | Archive Fabricated ------------ Med. Reactive Plating | x2 | -6/Factory | Authchip Adv. Drone Bay | x1 | -5/Factory | Preloaded Enh. Quantum Rifle | x2 | -4/Factory | Preloaded Repaired ---------- Lgt. Treads | 36% | -10/Materials Lgt. Treads | 70% | -10/Materials Particle Gun | 65% | -10/Materials Lgt. Treads | 73% | -9/Materials Exp. Sensor Array | 62% | -9/Storage F-cell Engine | 51% | -6/Factory | Broken Force Field | 10% | -6/Factory Imp. Sensor Array | 22% | -5/Factory Mic. Fission Core | 60% | -5/Factory Imp. Linear Gravjet | 33% | -5/Factory Cmb. Airjet | 54% | -5/Factory Cmb. Airjet | 47% | -5/Factory Cmb. Airjet | 6% | -4/Factory Cmb. Gravmag System | 36% | -4/Factory | Broken Cmb. Airjet | 60% | -4/Factory Enh. Quantum Rifle | 40% | -3/Research Xenon Bombardment Thruster | 13% | -2/Testing Studied --------- Xenon Bombardment Thruster | -2/Research | Hacked Fusion Bomb Launcher | -2/Testing | Hacked Gamma Bomb Array | -2/Testing | Hacked Hvy. Siege Treads | -2/Testing | Hacked Micro-nuke Launcher | -2/Testing | Hacked Alien Tech Used ----------------- Integrated Dissipator Transdimensional Reconstructor Achievements -------------- All Kinds Of Bad News Beloved Botjacking Cya! DIY Cooler Executioner Generalissimo Immobile And Lovin' It Like A Rock More Power To You Perfect Aim Physics Hates This One Trick Please No, Not That Tester Ultimate Loadout Wiki Contributor Z1$+NX3F=JRE3_ZNQR Challenges ------------ None Game ------ Seed SapperCommRail Manual? 0 Play Time 08:36:10 Cumulative 86.2 hours Start 2026.09.18 @ 17:24:09 End 2026.09.24 @ 21:14:57 Sessions 10 Manual Loads 0 Difficulty Rogue Special Mode None Game No. 42 Rogue 42 Adventurer 0 Explorer 0 Win Type - Total 0 Types 0/0/0/0/0/0/0/0/0/0 Lore% 57 Gallery% 52 Achievement% 48 Wizard Run 0 Options --------- Layout 1 ASCII 0 Keyboard 0 Movement Mouse Keybinds 0 Fullscreen 1 Font 24/Smallcaps Map View 50x35 Zoom Use 0% Tactical HUD 1 Map Filters NONE Filters NONE Steam 1 RUN: d5eced88-938e-4647-a0c8-ac8a75605a3c